 Dungeon Crawl Stone Soup version 0.13-a0-2382-gbc6a47d (webtiles) character file.

17447818 Bloax the Grand Master (level 27, 199/199 HPs)
             Began as a Gargoyle Monk on July 13, 2013.
             Was a Priest of Cheibriados.
             Escaped with the Orb
             ... and 15 runes on July 14, 2013!
             The game lasted 08:22:45 (88593 turns).

Bloax the Grand Master (Gargoyle Monk)             Turns: 88593, Time: 08:22:45

HP 199/199       AC 51     Str 39      XL: 27
MP  11/43        EV 54     Int 30      God: Cheibriados [***...]
Gold 7621        SH 44     Dex 42      Spells: 14 memorised,  7 levels left

Res.Fire  : + + +   See Invis. : +   A - snozzcumber
Res.Cold  : + + +   Warding    : .   C - +7 ring mail "Pydoj" {rF+ rC++}
Life Prot.: + . .   Conserve   : +   S - +5 shield of Resistance {rF+ rC+ MR+}
Res.Poison: +       Res.Corr.  : +   m - +1 helmet {SInv} (curse)
Res.Elec. : +       Clarity    : .   B - +2 cloak {rCorr, Cons} (curse)
Sust.Abil.: + .     Spirit.Shd : .   t - +0 pair of gloves of the Eternal Fruit {St Res.Mut. : + Stasis : . b - +2 pair of boots of the Assassin {+Inv Dex Res.Rott. : + Flight : + o - cursed amulet "Phav" {rMut Str+4 Dex+4} Saprovore : . . . i - ring "Croboqie" {SustAb MR+ Acc+4 Dam+5} H - ring of regeneration

@: stone skin, phasing, invisible, mighty, brilliant, agile, flying, very
slightly contaminated, very slow, extraordinarily resistant to hostile
enchantments, very stealthy
A: large and strong wings, fangs 1, talons 2, life protection 1, electricity
resistance, slow metabolism 1, unbreathing, evolution 1, petrification
resistance, AC +20, Int +1
a: Stop Flying, Bend Time, Temporal Distortion, Renounce Religion
}: 15/15 runes: serpentine, barnacled, slimy, silver, golden, iron, obsidian,
icy, bone, abyssal, demonic, glowing, magical, fiery, dark


You escaped.
You worshipped Cheibriados.
Cheibriados was greatly pleased with you.
You were not hungry.

You visited 15 branches of the dungeon, and saw 102 of its levels.
You visited Pandemonium 1 time, and saw 41 of its levels.
You visited the Abyss 1 time.
You also visited: Labyrinth.

You collected 10338 gold pieces.
You spent 2717 gold pieces at shops.


Innate Abilities, Weirdness & Mutations

You are resistant to torment.
You can fly continuously.
Your stone body is very resilient (AC +20).
Your wings are large and strong.
You have very sharp teeth.
You have razor-sharp toenails.
You resist negative energy.
You are resistant to electric shocks.
You have a slow metabolism.
You can survive without breathing.
You are immune to petrification.
Your mind is acute (Int +1).
You evolve.


   Skills:
 + Level 26.8 Fighting
 - Level 6.1 Armour
 + Level 23.9 Dodging
 - Level 18.0 Stealth
 - Level 16.7 Shields
 - Level 6.3 Traps
 O Level 27 Unarmed Combat
 + Level 15.0 Spellcasting
 - Level 6.0 Charms
 - Level 3.0 Necromancy
 - Level 17.8 Translocations
 O Level 27 Earth Magic
 - Level 10.3 Invocations
 + Level 13.1 Evocations


You had 7 spell levels left.
You knew the following spells:

 Your Spells              Type           Power        Failure   Level  Hunger
a - Controlled Blink      Tloc           N/A          1%          7    #####..
b - Leda's Liquefaction   Hex/Erth       #######...   1%          4    None
c - Blink                 Tloc           N/A          0%          2    None
d - Apportation           Tloc           #######...   0%          1    None
e - Summon Butterflies    Summ           #####...     1%          1    None
f - Dig                   Erth           ########     0%          4    None
g - Stoneskin             Trmt/Erth      #######...   0%          2    None
h - Regeneration          Chrm/Necr      ######....   1%          3    None
i - Repel Missiles        Chrm/Air       ######....   1%          2    None
j - Phase Shift           Tloc           #######...   1%          5    None
k - Infusion              Chrm           ######       1%          1    None
l - Passwall              Trmt/Erth      #######...   1%          3    None
m - Lee's Rapid Deconstr  Erth           ########..   0%          5    None
n - Shatter               Erth           ########..   1%          9    #######


Dungeon Overview and Level Annotations

Branches:
Dungeon (27/27)            Temple (0/1) D:5             Orc (4/4) D:6
    Elf (0/3) Orc:4          Lair (8/8) D:12         Shoals (5/5) Lair:5
  Snake (5/5) Lair:3        Slime (6/6) Lair:8       Vaults (5/5) D:18
  Blade (0/1) Vaults:3       Tomb (3/3) Forest:2        Dis (7/7) Hell
    Geh (7/7) Hell            Coc (7/7) Hell            Tar (7/7) Hell
    Zot (5/5) D:27         Forest (5/5) Vaults:2

Altars:
Cheibriados
Fedhas
Makhleb
Trog
Yredelemnul
Zin
Beogh
Jiyva

Shops:
D:12: * D:17: * D:23: * Orc:1: [ Orc:4: (**+ Shoals:1: ? Snake:5: %

Portals:
Hell: D:21 D:22 D:23 D:24 D:25 D:26 D:27
Abyss: D:20 D:22 D:23 D:24 D:26
Pandemonium: D:22 D:24

Annotations
D:25 12 exclusions
Shoals:4 exclusion: oklob plant
Zot:4 1 exclusion

Inventory:

Hand weapons
 s - the cursed +4,+4 Staff of Dispater
   (You took it off Dispater on level 7 of the Iron City of Dis)

   It has a curse placed upon it.
Armour
 b - the cursed +2 pair of boots of the Assassin (worn) {+Inv Dex+3 Stlth++}
   (You found it on level 7 of Tartarus)

   It affects your dexterity (+3).
   It lets you turn invisible.
   It makes you much more stealthy.
   It has a curse placed upon it.
 m - a cursed +1 helmet of see invisible (worn)
   (You bought it in a shop on level 1 of the Orcish Mines)
 t - the cursed +0 pair of gloves of the Eternal Fruit (worn) {Str+4 Dex+2 Int+3}
   (You found it in Pandemonium)

   It affects your strength (+4).
   It affects your intelligence (+3).
   It affects your dexterity (+2).
   It has a curse placed upon it.
 B - a cursed +2 cloak of preservation (worn)
   (You took it off Maurice on level 11 of the Dungeon)
 C - the cursed +7 ring mail "Pydoj" (worn) {rF+ rC++}
   (You found it on level 3 of the Snake Pit)

   It protects you from fire.
   It greatly protects you from cold.
   It has a curse placed upon it.
 S - the +5 shield of Resistance (worn) {rF+ rC+ MR+}
   (You acquired it on level 18 of the Dungeon)

   It protects you from fire.
   It protects you from cold.
   It affects your resistance to hostile enchantments.
Magical devices
 a - a wand of heal wounds (8)
   (You found it in Pandemonium)
 G - a wand of teleportation (9)
   (You took it off a yaktaur on level 5 of the Vaults)
 I - a wand of teleportation (9)
   (You took it off an ironheart preserver on level 1 of the Vaults)
 P - a wand of digging (19)
   (You found it in Pandemonium)
 Z - a wand of cold (1)
   (You found it on level 6 of the Lair of Beasts)
Comestibles
 A - a snozzcumber (in hand)
 T - 7 meat rations
Scrolls
 d - 9 scrolls of identify
 p - a scroll of holy word {not holy word}
 u - a scroll of fog
 w - 15 scrolls of remove curse
 N - 10 scrolls of teleportation
 O - 2 scrolls of recharging
Jewellery
 i - the ring "Croboqie" (right hand) {SustAb MR+ Acc+4 Dam+5}
   (You found it on level 8 of the Lair of Beasts)

   [ring of sustain abilities]

   It affects your accuracy (+4).
   It affects your damage-dealing abilities (+5).
   It affects your resistance to hostile enchantments.
 j - the ring "Crenn" {rElec Dex+2 Int+5}
   (You found it on level 5 of the Vaults)

   [ring of intelligence]

   It affects your intelligence (+5).
   It affects your dexterity (+2).
   It insulates you from electricity.
 o - the cursed amulet "Phav" (around neck) {rMut Str+4 Dex+4}
   (You found it on level 5 of the Vaults)

   [amulet of resist mutation]

   It affects your strength (+4).
   It affects your dexterity (+4).
   It has a curse placed upon it.
 v - the ring "Zusyr" {+Blink +Inv rElec}
   (You found it on level 17 of the Dungeon)

   [ring of invisibility]

   It insulates you from electricity.
   It lets you blink.
 D - the cursed ring "Phiawnui" {rPois rC++}
   (You found it in Pandemonium)

   [ring of poison resistance]

   It greatly protects you from cold.
   It has a curse placed upon it.
 H - a ring of regeneration (left hand)
   (You found it on level 5 of the Snake Pit)
 M - an uncursed ring of regeneration
   (You found it on level 6 of the Pits of Slime)
 Q - an uncursed ring of fire
   (You found it on level 3 of the Realm of Zot)
 R - an uncursed ring of teleportation
   (You found it on level 7 of the Lair of Beasts)
Potions
 g - 6 potions of restore abilities
 k - 15 potions of curing
 n - a potion of resistance
 F - a potion of invisibility
 L - a potion of brilliance
 V - 4 potions of agility
Books
 K - a book of the Earth
   (You bought it in a shop on level 4 of the Orcish Mines)

   Spells                             Type                      Level
   *Dig                               Earth                        4
   *Leda's Liquefaction               Hexes/Earth                  4
   Bolt of Magma                      Conjuration/Fire/Earth       5
   Statue Form                        Transmutation/Earth          6
   Iron Shot                          Conjuration/Earth            6
   *Shatter                           Earth                        9
Orbs of Power
 r - the Orb of Zot
   (You found it on level 5 of the Realm of Zot)
Miscellaneous
 c - a disc of storms
   (You found it on level 4 of the Lair of Beasts)
 e - a fan of gales (inert)
   (You found it on level 4 of the Abyss)
 f - a lamp of fire (inert)
   (You found it on level 7 of Gehenna)
 h - a phial of floods
   (You found it on level 5 of the Vaults)
 l - a crystal ball of energy
   (You found it on level 1 of the Snake Pit)
 q - a lamp of fire
   (You found it in Pandemonium)
 y - a fan of gales (inert)
   (You found it on level 6 of the Pits of Slime)
 z - a phial of floods
   (You found it on level 12 of the Dungeon)
 E - a lamp of fire
   (You found it on level 1 of the Vaults)
 W - a fan of gales
   (You found it in Pandemonium)
 Y - a lamp of fire
   (You took it off a merfolk on level 5 of the Shoals)

..#.......##....##.##.).......#
.......##.####...#.##.........#
#.####.##.#..#...#.########.###
######.##P.............P#...#
........#~P............~#...#
#####...#~~..........P~~#...#
........#~~~.........~~~#...#
#####...#~~~~.......~~~~#...#
#...#~~~~~..@..~~~~~#...#
##.##~~~~P.....P~~~~#...#
#.##~~~P........~~~#...#
######.##~~P..........~~#...#
........#~.............~#.#.#
........#P.............P#...#####
####.............^........#.....#
#.......####.###.....########.#
#.......# #...# #.#


There were no monsters in sight!


Message History

You block the goblin's attack.
Casting: Dig
Aiming: Dig The rock shatters into small pieces.
You block the goblin's attack.
An Orb Guardian comes into view.
The goblin completely misses you. You block the goblin's attack.
The Orb Guardian misses you. You block the goblin's attack.
The Orb Guardian closely misses you.
There is a stone staircase leading up here.
Use which ability? (? or * to list)
You warp the flow of time around you!
You feel quite a bit more hungry. The Orb Guardian completely misses you.
The Orb Guardian completely misses you.
Use which ability? (? or * to list)
You warp the flow of time around you!
You feel quite a bit more hungry. The goblin completely misses you.
You fly upwards.
You sense a powerful magical force warping space.
There is a stone staircase leading down here.
Casting: Dig
Aiming: Dig The rock shatters into small pieces.
Casting: Dig The dungeon rumbles!
Ka-crash!
Unknown command.
Casting: Shatter
Aiming: Dig The rock shatters into small pieces.
Casting: Dig
Okay, then.
There is a staircase leading out of the dungeon here.
Eat which item? (? for menu, Esc to quit)
Okay, then.
Wield which item (- for none, * to show all)? (? for menu, Esc to quit)
A - a snozzcumber (in hand) Drink which item? (? for menu, Esc to quit)
You feel more agile all of a sudden.
Drink which item? (? for menu, Esc to quit)
You feel very mighty all of a sudden.
Drink which item? (? for menu, Esc to quit)
You feel more clever all of a sudden.
Drink which item? (? for menu, Esc to quit)
You fade into invisibility!
Drink which item? (? for menu, Esc to quit)
You feel protected.
Casting: Dig You feel the strange sensation of being on two planes at once.
Casting: Phase Shift Your skin hardens.
Casting: Stoneskin
Okay, then.
Casting: Stoneskin The dungeon rumbles!
You destroy the plant!
The plant is almost destroyed.
You destroy the plant!
The plant is heavily damaged.
You destroy the plant!
The plant is heavily damaged.
The plant is severely damaged.
You destroy the plant!
The plant is severely damaged.
You destroy the plant!
The plant is severely damaged.
You destroy the plant!
Ka-crash!
You are very lightly contaminated with residual magic.
Unknown command.
You have escaped!

Action                   |  1- 3 |  4- 6 |  7- 9 | 10-12 | 13-15 | 16-18 | 19-21 | 22-24 | 25-27 || total
-------------------------+-------+-------+-------+-------+-------+-------+-------+-------+-------++-------
Melee: Unarmed           |    76 |   177 |   368 |   458 |  1632 |  1361 |  1529 |  1356 |  6701 || 13658
       Club              |       |       |       |       |     3 |       |       |       |       ||     3
Throw: Throwing net      |       |       |       |       |     1 |     6 |     3 |       |     1 ||    11
       Javelin           |       |       |       |       |       |     4 |     3 |     2 |     6 ||    15
 Cast: Apportation       |       |       |       |       |     8 |       |       |     5 |    71 ||    84
       Blink             |       |       |       |       |       |     1 |     5 |     4 |    12 ||    22
       Summon Butterflie |       |       |       |       |       |       |     3 |    16 |     2 ||    21
       Stoneskin         |       |       |       |       |       |       |     9 |     3 |    35 ||    47
       Confusing Touch   |       |       |       |       |       |       |     5 |       |       ||     5
       Regeneration      |       |       |       |       |       |       |    31 |    47 |   274 ||   352
       Repel Missiles    |       |       |       |       |       |       |     5 |    30 |    32 ||    67
       Lee's Rapid Decon |       |       |       |       |       |       |       |    23 |    81 ||   104
       Dig               |       |       |       |       |       |       |       |     7 |    18 ||    25
       Phase Shift       |       |       |       |       |       |       |       |       |    51 ||    51
       Leda's Liquefacti |       |       |       |       |       |       |       |       |     1 ||     1
       Shatter           |       |       |       |       |       |       |       |       |    55 ||    55
       Controlled Blink  |       |       |       |       |       |       |       |       |    46 ||    46
       Infusion          |       |       |       |       |       |       |       |       |     1 ||     1
Invok: Slouch            |       |       |       |     7 |    11 |     6 |     7 |     6 |    38 ||    75
       Temporal Distorti |       |       |       |     2 |     4 |    10 |     8 |    16 |   113 ||   153
       Bend Time         |       |       |       |     1 |     2 |     3 |     3 |     2 |     9 ||    20
 Abil: Spit Poison       |       |       |     2 |       |       |       |       |       |       ||     2
       Fly               |       |       |       |       |     1 |     1 |       |       |     6 ||     8
       Evoke Invisibilit |       |       |       |       |       |     1 |       |       |       ||     1
       Stop Flying       |       |       |       |       |       |     1 |       |       |     6 ||     7
       Evoke Teleportati |       |       |       |       |       |       |       |       |     2 ||     2
Evoke: Wand              |       |       |    22 |    16 |    19 |     7 |     6 |     5 |    10 ||    85
       Rod               |       |       |       |       |     4 |       |       |       |       ||     4
       Miscellaneous     |       |       |       |       |    27 |    44 |    41 |    99 |   159 ||   370
  Use: Scroll            |       |    13 |     7 |     9 |    27 |     8 |    15 |    12 |    52 ||   143
       Potion            |       |     1 |     3 |     1 |       |     2 |       |     5 |    57 ||    69
 Stab: Sleeping          |     2 |     1 |     3 |     5 |    20 |     2 |    12 |    13 |    39 ||    97
       Distracted        |       |       |     1 |     1 |     5 |     3 |     6 |     9 |    31 ||    56
       Paralysed         |       |       |     4 |       |       |       |       |       |       ||     4
       Fleeing           |       |       |       |       |     1 |     1 |     2 |       |     7 ||    11
       Invisible         |       |       |       |       |       |     7 |       |     5 |       ||    12
       Held in net/web   |       |       |       |       |       |       |     1 |       |       ||     1
       Confused          |       |       |       |       |       |       |       |       |     6 ||     6

Vault maps used:
D:1:      eino_entry_druids_welcome, serial_co_window_serial,
          co_window_of_opportunity_a, co_window_paths_a, co_window_paths_b,
          co_window_paths_a, co_window_of_opportunity_a, co_window_paths_a,
          co_window_corner_a, co_window_corner_b, co_window_broadway_c,
          co_window_of_opportunity_b, co_window_corner_b, co_window_paths_d
D:3:      infiniplex_staircase_zigzag_2, first_bread
D:4:      lemuel_crystal_altar, serial_glass, glass_columns_b, glass_columns_b,
          glass_columns_b, grunt_ministairs_10, jiyva_altar_2
D:5:      lemuel_doored_altar, temple_green, dk_yredelemnul_ordeal
D:6:      lemuel_round_altar, orc_0_dummy, uniq_duvessa, uniq_eustachio,
          uniq_edmund
D:7:      minmay_flawed_box, basic_altar
D:8:      minmay_holes
D:9:      mrwooster_statue_mirror, hangedman_decor_slide_cut,
          corexii_corridor_pit, minmay_statues_item, uniq_erolcha, uniq_psyche
D:10:     uniq_erica
D:11:     uniq_fannar, uniq_maurice
D:12:     erik_lair_orcish_takeover, serial_shops, shop, uniq_harold,
          uniq_sonja, uniq_josephine
D:13:     uniq_nergalle
D:14:     hangedman_stone_soup, hangedman_decor_cross_pass,
          hangedman_decor_lopped, uniq_urug
D:15:     hangedman_decor_growths, hangedman_abyss_or_decor_lesser_grid,
          grunt_potential
D:16:     minivault_23, uniq_agnes, uniq_snorg, uniq_aizul
D:17:     minmay_haunted_quarter, minmay_misc_feat_five, guppyfry_shop_earth,
          uniq_nikola
D:18:     vaults_0_dummy, special_room, uniq_jorgrun, uniq_azrael
D:19:     minmay_misc_feat_room
D:20:     serial_sigils_hangedman_shear, minmay_room_of_horrors, uniq_saint_roka
D:21:     minivault_19, hell_entry, uniq_mennas
D:22:     pan_entry, hell_entry, minmay_misc_feat_encased, abyss_entry,
          uniq_boris
D:23:     lemuel_ice_spiral_2, hell_entry, abyss_entry, basic_altar,
          serial_shops, shop, infiniplex_staircase_spiral
D:24:     serial_bayou_pond_c, abyss_entry, pan_entry, hell_entry,
          grunt_decor_mini_mirrors, grunt_decor_resistance
D:25:     minmay_triangles_in_corner, hell_entry, abyss_entry,
          hangedman_stitches_earthworm
D:26:     hangedman_pleasuredromes, abyss_entry, hell_entry
D:27:     grunt_zot_entry_gee_three, hell_entry, abandoned_shop, uniq_jory
Orc:1:    serial_shops, shop, uniq_prince_ribbit1, uniq_blork_the_orc
Orc:3:    uniq_grum
Orc:4:    basic_altar, st_orc_mages
Lair:2:   st_stairs_11, minmay_lair_oklob_items
Lair:4:   lab_entry_generic
Lair:5:   minmay_shoals_entry_lonely_mermaid
Lair:7:   basic_altar, patterned_corridor
Lair:8:   minmay_lair_end_frog_pond, nicolae_slime_entry_wandering_lumps,
          hibernation_bobbens
Shoals:1: serial_shops, shop
Shoals:2: uniq_louise, uniq_polyphemus, uniq_donald
Shoals:4: uniq_wiglaf, uniq_kirke
Shoals:5: shoals_end_simple, shoal_ilsuiw, nicolae_shoals_square_sea_wall,
          nicolae_shoals_isolated_beach, uniq_frederick
Snake:2:  basic_altar, nicolae_snake_biting_tails, minmay_snake_pond, uniq_lamia
Snake:3:  evilmike_ambush
Snake:4:  uniq_frances, uniq_roxanne
Snake:5:  minmay_snake_end_coiled, serial_shops, shop, uniq_boris
Slime:2:  nicolae_slime_welcoming_committee
Slime:5:  basic_altar
Vaults:1: st_star, v_pattern_1, vaults_room_pool, vaults_room_hallway,
          nicolae_vaults_yaktaur_gun_rack, nicolae_vaults_three_branches
Vaults:2: vaults_room_stairs_pillars, vaults_mumra_chevron_long, v_misc_29,
          forest_entry_grove, ontoclasm_vaults_decontamination,
          hangedman_vaults_corner_blocks, v_misc_22, v_misc_27,
          nicolae_vaults_diagonal_hallway_9, hangedman_vaults_nails,
          dpeg_vaults_monster_box, ontoclasm_vaults_eye, vaults_room_hallway,
          ontoclasm_vaults_misaligned, vaults_room_pool
Vaults:3: hangedman_vaults_nodes, ontoclasm_vaults_ring_small,
          ontoclasm_vaults_water_temple, v_alt_pattern_4, v_rooms_4,
          hangedman_vaults_cutoff, v_rooms_5, nicolae_vaults_blade_pointy_end,
          hangedman_vaults_snaps, hangedman_vaults_slice, v_misc_15,
          ontoclasm_vaults_idyll, nicolae_vaults_little_squares_2,
          nicolae_vaults_little_squares_6, uniq_norris
Vaults:4: v_misc_14, v_misc_18, nicolae_vaults_asterisk, v_misc_5, v_misc_24,
          v_misc_10, vaults_dpeg_cross, ontoclasm_vaults_loading_screen
Vaults:5: serial_shops
Tomb:1:   uniq_sojobo, uniq_mara
Dis:4:    grunt_dis_stairs_iron_hall
Dis:7:    iron_city_of_dis
Geh:1:    hangedman_elemental_corridor
Geh:7:    evilmike_geh
Coc:7:    coc_old
Tar:5:    nicolae_tar_cuneiform_city
Tar:7:    tar_minmay_river
Zot:2:    st_small_dragon_hoard_5
Zot:3:    st_stairs_3, lemuel_elevator
Zot:4:    lemuel_flame_loot_1
Zot:5:    st_stairs_3
Forest:1: wad_woods_river_02, wad_woods_road_06
Forest:2: nicolae_forest_game_of_thorns, uniq_xtahua
Forest:3: kb_forest_skeletal_bat_cave, uniq_margery
Forest:5: grunt_forest_end_winery, wad_woods_04
Abyss:3:  evilmike_abyss_exit_3
Abyss:4:  evilmike_abyss_rune_tso_outpost
Pan:      evilmike_mini_pan_thingy, rand_demon_8, pan_blood_fountain_2,
          lemuel_hellion_island, evilmike_holy_pan,
          evilmike_mini_pan_possible_glass, evilmike_mini_pan_V, pan_surprise,
          gloorx_vloq_st, evilmike_mini_pan_doors_b, rand_demon_7,
          evilmike_mini_pan_3x3, rand_demon_1, pan_blood_fountain,
          evilmike_mini_pan_3x3, pan_blood_fountain_small,
          nicolae_pan_hourglass, pan_blood_fountain_small, pan_captured_pigsty,
          pan_blood_fountain, lom_lobon_st, nicolae_pan_double_arrow,
          evilmike_mini_pan_pillars_b, lemuel_hall_of_pain,
          enter_ziggurat_pan_c, cerebov_grunt, evilmike_mini_pan_pillars,
          nicolae_pan_door_chamber, nicolae_pan_hourglass,
          evilmike_mini_pan_pillars_b, evilmike_mini_pan_other_thingy,
          evilmike_mini_pan_doors, pan_blood_fountain, evilmike_mini_pan_V,
          evilmike_mini_pan_thingy, evilmike_mini_pan_other_thingy,
          evilmike_mnoleg_eyes, evilmike_mini_pan_pillars_b, rand_demon_4,
          nicolae_pan_double_arrow, nicolae_pan_double_arrow,
          evilmike_mini_pan_possible_glass, rand_demon_3, pan_blood_fountain,
          pan_blood_fountain_small, rand_demon_9, evilmike_mini_pan_pillars_b,
          pan_blood_fountain, rand_demon_2, rand_demon_7, rand_demon_1,
          pan_blood_fountain
Lab:      nicolae_lab_dead_adventurers

Notes
Turn   | Place    | Note
--------------------------------------------------------------
     0 | D:1      | Bloax, the Gargoyle Monk, began the quest for the Orb.
     0 | D:1      | Reached XP level 1. HP: 12/12 MP: 0/0
   233 | D:1      | Reached XP level 2. HP: 17/17 MP: 1/1
   910 | D:2      | Reached XP level 3. HP: 15/22 MP: 2/2
  1074 | D:2      | Reached skill level 5 in Unarmed Combat
  1081 | D:2      | Reached XP level 4. HP: 19/27 MP: 3/3
  1083 | D:2      | Reached skill level 3 in Dodging
  1095 | D:2      | Reached skill level 4 in Fighting
  1485 | D:2      | Reached XP level 5. HP: 30/32 MP: 4/4
  2142 | D:3      | Noticed Bruce's ghost (weakling DEFE)
  2149 | D:3      | Killed Bruce's ghost
  2296 | D:3      | Reached skill level 6 in Unarmed Combat
  2669 | D:3      | Reached XP level 6. HP: 31/37 MP: 5/5
  2911 | D:4      | HP: 9/37 [poisoned by a scorpion]
  2917 | D:4      | HP: 8/37 [poisoned by a scorpion]
  2922 | D:4      | HP: 6/37 [poisoned by a scorpion]
  2928 | D:4      | HP: 3/37 [poisoned by a scorpion]
  2937 | D:4      | HP: 2/37 [poisoned by a scorpion]
  3163 | D:4      | Found a glowing silver altar of Zin.
  3227 | D:4      | Reached skill level 5 in Fighting
  3497 | D:4      | Reached XP level 7. HP: 42/42 MP: 6/6
  3530 | D:4      | Reached skill level 7 in Unarmed Combat
  3533 | D:4      | Learned a level 1 spell: Confusing Touch
  3657 | D:4      | Reached skill level 4 in Dodging
  4183 | D:5      | Entered Level 5 of the Dungeon
  4252 | D:5      | Found a snail-covered altar of Cheibriados.
  4337 | D:5      | Became a worshipper of Cheibriados the Contemplative
  4337 | D:5      | Acquired Cheibriados' first power
  4459 | D:5      | Reached skill level 8 in Unarmed Combat
  4459 | D:5      | Reached XP level 8. HP: 29/48 MP: 7/7
  4916 | D:5      | Found a basalt altar of Yredelemnul.
  5017 | D:5      | Found a staircase to the Ecumenical Temple.
  5188 | D:6      | Found a burning altar of Makhleb.
  5194 | D:6      | Reached skill level 6 in Fighting
  5443 | D:6      | Found a staircase to the Orcish Mines.
  5449 | D:6      | Noticed Eustachio
  5499 | D:6      | Killed Eustachio
  5636 | D:6      | Reached skill level 9 in Unarmed Combat
  5721 | D:6      | Acquired Cheibriados' second power
  5721 | D:6      | Reached skill level 5 in Dodging
  5805 | D:6      | Noticed Edmund
  5824 | D:6      | Killed Edmund
  5950 | D:6      | Noticed Duvessa
  5953 | D:6      | Noticed Dowan
  5954 | D:6      | Gained mutation: You can spit poison. [potion of beneficial mutation]
  5961 | D:6      | Killed Duvessa
  5965 | D:6      | Reached XP level 9. HP: 53/53 MP: 8/8
  5974 | D:6      | Killed Dowan
  5974 | D:6      | Reached skill level 7 in Fighting
  6185 | D:7      | Found a burning altar of Makhleb.
  6361 | D:7      | Reached skill level 10 in Unarmed Combat
  6409 | D:7      | Acquired Cheibriados' third power
  6484 | D:7      | Noticed Bruce's ghost (experienced DEFE)
  6507 | D:7      | Killed Bruce's ghost
  7290 | D:8      | Reached skill level 6 in Dodging
  7290 | D:8      | Reached skill level 11 in Unarmed Combat
  7539 | D:8      | Reached skill level 8 in Fighting
  7723 | D:9      | Reached skill level 1 in Invocations
  7824 | D:9      | Gained mutation: You are robust (+10% HP). [potion of beneficial mutation]
  7857 | D:9      | Reached XP level 10. HP: 61/66 MP: 10/10
  7966 | D:9      | Acquired Cheibriados' fourth power
  8016 | D:9      | Noticed Erolcha
  8028 | D:9      | Killed Erolcha
  8028 | D:9      | Reached skill level 2 in Invocations
  8043 | D:9      | Noticed Psyche
  8051 | D:9      | Killed Psyche
  8057 | D:10     | Entered Level 10 of the Dungeon
  8561 | D:10     | Reached skill level 12 in Unarmed Combat
  8619 | D:10     | Reached skill level 3 in Invocations
  8783 | D:10     | Killed an unseen horror
  8783 | D:10     | Reached skill level 7 in Dodging
  8863 | D:10     | Reached skill level 9 in Fighting
  8985 | D:10     | Reached skill level 4 in Invocations
  9028 | D:10     | Reached XP level 11. HP: 39/72 MP: 15/17
  9222 | D:10     | Noticed Erica
  9238 | D:10     | Killed Erica
  9316 | D:10     | Noticed a hill giant
  9317 | D:10     | Noticed a giant orange brain
  9317 | D:10     | a hill giant changed into a giant orange brain
  9319 | D:10     | Noticed a hill giant
  9323 | D:10     | Killed a hill giant
  9324 | D:10     | Killed a giant orange brain
  9324 | D:10     | Reached skill level 13 in Unarmed Combat
  9324 | D:10     | Reached skill level 5 in Invocations
  9995 | D:11     | Noticed Maurice
 10036 | D:11     | Killed Maurice
 10089 | D:11     | Identified a +1 cloak of preservation (You took it off Maurice on level 11 of the Dungeon)
 10101 | D:11     | Noticed a hill giant
 10284 | D:11     | Killed a hill giant
 10319 | D:11     | Reached skill level 10 in Fighting
 10415 | D:11     | Reached skill level 6 in Invocations
 10564 | D:11     | Noticed a hill giant
 10572 | D:11     | Killed a hill giant
 10686 | D:11     | Noticed a four-headed hydra
 10692 | D:11     | Killed a four-headed hydra
 10692 | D:11     | Reached skill level 8 in Dodging
 10823 | D:11     | Noticed a hill giant
 10829 | D:11     | Killed a hill giant
 10829 | D:11     | Reached XP level 12. HP: 55/80 MP: 21/21
 11074 | D:11     | Noticed Fannar
 11086 | D:11     | Killed Fannar
 11086 | D:11     | Reached skill level 14 in Unarmed Combat
 11185 | D:12     | Noticed Harold
 11285 | D:12     | Killed Harold
 11285 | D:12     | Reached skill level 7 in Invocations
 11518 | D:12     | Noticed Josephine
 11530 | D:12     | Killed Josephine
 11581 | D:12     | Found a staircase to the Lair.
 11692 | D:12     | Reached skill level 11 in Fighting
 11792 | D:12     | Found Chasm's Assorted Antiques.
 11819 | D:12     | Bought a scroll labeled KLIUCZI ZAPI for 26 gold pieces
 11819 | D:12     | Bought a brown potion for 23 gold pieces
 11819 | D:12     | Bought a metallic silvery potion for 23 gold pieces
 11982 | D:12     | Noticed Sonja
 11982 | D:12     | Paralysed by Sonja for 7 turns
 11992 | D:12     | Killed Sonja
 12254 | D:13     | Reached skill level 15 in Unarmed Combat
 12254 | D:13     | Reached skill level 8 in Invocations
 12318 | D:13     | Reached skill level 9 in Dodging
 12329 | D:13     | Reached skill level 1 in Evocations
 12520 | D:13     | Noticed an ogre mage
 12523 | D:13     | Reached XP level 13. HP: 49/88 MP: 24/24
 12527 | D:13     | Killed an ogre mage
 12528 | D:13     | Noticed Nergalle
 12761 | D:13     | Killed Nergalle
 12761 | D:13     | Reached skill level 2 in Evocations
 13096 | D:14     | Entered Level 14 of the Dungeon
 13148 | D:14     | Learned a level 4 spell: Leda's Liquefaction
 13425 | Lair:1   | Entered Level 1 of the Lair of Beasts
 13573 | Lair:1   | Reached skill level 1 in Armour
 14128 | Lair:2   | Learned a level 2 spell: Blink
 14130 | Lair:2   | Learned a level 1 spell: Apportation
 14149 | Lair:2   | Reached skill level 3 in Evocations
 14287 | Lair:2   | Reached skill level 2 in Armour
 14655 | Lair:3   | Identified a scroll of acquirement
 14762 | Lair:3   | Found a staircase to the Snake Pit.
 15238 | Lair:4   | Reached skill level 1 in Translocations
 15281 | Lair:4   | Reached skill level 1 in Shields
 15309 | Lair:4   | Reached skill level 2 in Shields
 15331 | Lair:4   | Found a labyrinth entrance.
 15373 | Lab      | Entered a labyrinth
 15570 | Lab      | Noticed a minotaur
 15575 | Lab      | Killed a minotaur
 15575 | Lab      | Reached skill level 10 in Dodging
 15575 | Lab      | Reached skill level 2 in Translocations
 15580 | Lab      | Identified the Incunabulum of Virous Conjuration (You found it in a labyrinth)
 15841 | D:12     | Bought a scroll of identify for 52 gold pieces
 15841 | D:12     | Bought a scroll of identify for 52 gold pieces
 15841 | D:12     | Bought a scroll of identify for 52 gold pieces
 15841 | D:12     | Bought a scroll of identify for 52 gold pieces
 16039 | Lair:2   | Got a shimmering bone ring
 16399 | Lair:4   | Reached skill level 3 in Shields
 16399 | Lair:4   | Reached skill level 16 in Unarmed Combat
 16936 | Lair:5   | Reached skill level 4 in Shields
 16936 | Lair:5   | Gained mutation: Your wings are large and strong. [gargoyle growth]
 16936 | Lair:5   | Reached XP level 14. HP: 94/94 MP: 25/25
 17003 | Lair:5   | Identified the ring of Prescription {Contam rElec rF+ EV+2 Dam-4} (You found it on level 2 of the Lair of Beasts)
 17068 | Lair:5   | Found a staircase to the Shoals.
 17376 | Lair:6   | Reached skill level 5 in Shields
 17487 | Lair:6   | Learned a level 1 spell: Summon Butterflies
 18184 | Lair:7   | Reached skill level 6 in Shields
 18375 | Lair:7   | Noticed an iron dragon
 18375 | Lair:7   | an elephant slug changed into an iron dragon
 18388 | Lair:7   | Killed an iron dragon
 18597 | Lair:7   | Found a bloodstained altar of Trog.
 19028 | Lair:8   | Entered Level 8 of the Lair of Beasts
 19100 | Lair:8   | Reached skill level 7 in Shields
 19415 | Lair:8   | Reached skill level 8 in Shields
 19836 | Lair:8   | Found a staircase to the Slime Pits.
 20003 | Lair:8   | Reached skill level 11 in Dodging
 20064 | Lair:8   | Got a heavily runed bronze ring
 20887 | Orc:1    | Entered Level 1 of the Orcish Mines
 20897 | Orc:1    | Noticed Prince Ribbit
 20905 | Orc:1    | Killed Prince Ribbit
 21020 | Orc:1    | Found Ixubrang's Antique Armour Shoppe.
 21023 | Orc:1    | Bought a shiny helmet for 77 gold pieces
 21062 | Orc:1    | Noticed Blork the orc
 21063 | Orc:1    | SCORE
 21072 | Orc:1    | Killed Blork the orc
 21072 | Orc:1    | Reached skill level 9 in Shields
 21118 | Orc:1    | Delicious Blork.
 21818 | Orc:3    | Noticed Grum
 21847 | Orc:3    | Killed Grum
 21992 | Orc:3    | Reached skill level 17 in Unarmed Combat
 22140 | Orc:3    | Reached XP level 15. HP: 89/101 MP: 26/26
 22445 | Orc:4    | Entered Level 4 of the Orcish Mines
 22452 | Orc:4    | Found a staircase to the Elven Halls.
 22542 | Orc:4    | Found a roughly hewn altar of Beogh.
 23089 | Orc:4    | Reached skill level 4 in Evocations
 23188 | Orc:4    | Found Thrioq's General Store.
 23188 | Orc:4    | Found Stroewae's Antique Weapon Shoppe.
 23188 | Orc:4    | Found Yluts' Book Emporium.
 23343 | Orc:4    | Found Waha's General Store.
 23354 | Orc:4    | Bought a manual of Shields for 1214 gold pieces
 23354 | Orc:4    | Bought a book of the Earth for 715 gold pieces
 23356 | Orc:4    | Bought a potion of heal wounds for 45 gold pieces
 24606 | D:14     | Reached skill level 10 in Shields
 24763 | D:14     | Reached skill level 5 in Evocations
 24947 | D:14     | Noticed Urug
 24961 | D:14     | Killed Urug
 25127 | D:15     | Entered Level 15 of the Dungeon
 25348 | D:15     | Got a brightly glowing sapphire amulet
 25564 | D:15     | Reached skill level 6 in Evocations
 26148 | D:16     | Reached skill level 12 in Dodging
 26282 | D:16     | Noticed Agnes
 26301 | D:16     | Killed Agnes
 26301 | D:16     | Reached skill level 11 in Shields
 26301 | D:16     | Reached skill level 7 in Evocations
 26354 | D:16     | Identified the amulet "Hutuops" {+Rage Str-3} (You found it on level 15 of the Dungeon)
 26566 | D:16     | Noticed Snorg
 26571 | D:16     | Noticed Aizul
 26941 | D:16     | Killed Aizul
 26941 | D:16     | Reached XP level 16. HP: 106/106 MP: 27/27
 26962 | D:16     | Got a smoking buckler
 26971 | D:16     | Identified the +1 buckler of the Bagpipe {+Fly} (You found it on level 16 of the Dungeon)
 27006 | D:16     | Killed Snorg
 27126 | D:16     | Identified the ring "Croboqie" {SustAb MR+ Acc+4 Dam+5} (You found it on level 8 of the Lair of Beasts)
 27266 | D:17     | Noticed Nikola
 27286 | D:17     | Killed Nikola
 27286 | D:17     | Reached skill level 12 in Shields
 27286 | D:17     | Reached skill level 8 in Evocations
 27398 | D:17     | Learned a level 4 spell: Dig
 27825 | D:17     | Found Lothryemn's Pet Rocks.
 28180 | D:17     | Reached skill level 13 in Shields
 28205 | D:17     | Reached skill level 18 in Unarmed Combat
 28627 | D:17     | Got a faintly glowing bronze ring
 28678 | D:17     | Identified a +3 rod of striking (9/9) (You found it on level 17 of the Dungeon)
 28879 | D:18     | Reached skill level 9 in Evocations
 28885 | D:18     | Noticed Azrael
 28893 | D:18     | Killed Azrael
 28933 | D:18     | Found a staircase to the Vaults.
 28956 | D:18     | Identified the ring "Zusyr" {+Blink +Inv rElec} (You found it on level 17 of the Dungeon)
 29065 | D:18     | Upgraded the game from 0.13-a0-2355-g3ca5c6e to 0.13-a0-2368-g1f063cc
 29386 | D:18     | Learned a level 2 spell: Stoneskin
 29548 | D:18     | Reached skill level 13 in Dodging
 29553 | D:18     | Reached skill level 14 in Shields
 29553 | D:18     | Reached XP level 17. HP: 111/113 MP: 29/29
 29641 | D:18     | Reached skill level 12 in Fighting
 30036 | D:18     | Noticed Jorgrun
 30052 | D:18     | Killed Jorgrun
 30814 | Vaults:1 | Entered Level 1 of the Vaults
 31392 | Vaults:1 | Reached skill level 15 in Shields
 32415 | Vaults:2 | Reached skill level 13 in Fighting
 32460 | Vaults:2 | Reached skill level 3 in Armour
 32884 | Vaults:2 | Reached skill level 19 in Unarmed Combat
 33127 | Vaults:2 | Reached skill level 16 in Shields
 33127 | Vaults:2 | Reached XP level 18. HP: 117/122 MP: 29/29
 33178 | Vaults:2 | Found a staircase to the Enchanted Forest.
 33353 | Vaults:2 | Reached skill level 4 in Armour
 33569 | Vaults:3 | Noticed Norris
 33582 | Vaults:3 | Killed Norris
 33713 | Vaults:3 | Found a staircase to the Hall of Blades.
 33942 | Vaults:3 | Reached skill level 14 in Dodging
 34026 | Vaults:3 | Reached skill level 5 in Armour
 34787 | Vaults:3 | Reached skill level 6 in Armour
 34871 | Vaults:3 | Reached skill level 14 in Fighting
 34986 | Vaults:3 | Reached skill level 1 in Earth Magic
 35147 | Vaults:4 | Noticed JacquesDerrida's ghost (mighty KoHu)
 35192 | Vaults:4 | Killed JacquesDerrida's ghost
 35192 | Vaults:4 | Reached skill level 2 in Earth Magic
 35291 | Vaults:4 | Reached XP level 19. HP: 129/129 MP: 30/30
 35428 | Vaults:4 | Reached skill level 3 in Earth Magic
 36014 | Vaults:4 | Reached skill level 4 in Earth Magic
 36274 | Vaults:5 | Entered Level 5 of the Vaults
 36278 | Vaults:5 | Reached skill level 5 in Earth Magic
 36278 | Vaults:5 | Reached skill level 20 in Unarmed Combat
 36279 | Vaults:5 | Reached skill level 6 in Earth Magic
 36838 | Shoals:1 | Entered Level 1 of the Shoals
 36922 | Shoals:1 | Found Dupnav's Magic Scroll Emporium.
 36939 | Shoals:1 | Bought a scroll of blinking for 71 gold pieces
 36939 | Shoals:1 | Bought a scroll of enchant armour for 71 gold pieces
 36939 | Shoals:1 | Bought a scroll of vulnerability for 97 gold pieces
 36939 | Shoals:1 | Bought a scroll of recharging for 71 gold pieces
 37113 | Shoals:1 | Reached skill level 1 in Spellcasting
 37699 | Shoals:2 | Noticed Donald
 37715 | Shoals:2 | Killed Donald
 37715 | Shoals:2 | Reached skill level 15 in Fighting
 37719 | Shoals:2 | Reached skill level 2 in Spellcasting
 37771 | Shoals:2 | Noticed Polyphemus
 37772 | Shoals:2 | Noticed Louise
 37794 | Shoals:2 | Killed Polyphemus
 37799 | Shoals:2 | Reached skill level 7 in Earth Magic
 37825 | Shoals:2 | Killed Louise
 38020 | Shoals:2 | Reached skill level 15 in Dodging
 38047 | Shoals:2 | Reached skill level 3 in Spellcasting
 39196 | Shoals:4 | Reached skill level 8 in Earth Magic
 39202 | Shoals:4 | Reached XP level 20. HP: 139/139 MP: 31/31
 39364 | Shoals:4 | Noticed Kirke
 39468 | Shoals:4 | Killed Kirke
 39701 | Shoals:4 | Noticed Wiglaf
 39725 | Shoals:4 | Killed Wiglaf
 39725 | Shoals:4 | Reached skill level 4 in Spellcasting
 40139 | Shoals:5 | Entered Level 5 of the Shoals
 40339 | Shoals:5 | Noticed Frederick
 40354 | Shoals:5 | Killed Frederick
 40509 | Shoals:5 | Noticed Ilsuiw
 40523 | Shoals:5 | Reached skill level 9 in Earth Magic
 40523 | Shoals:5 | Killed Ilsuiw
 40559 | Shoals:5 | Reached skill level 5 in Spellcasting
 40993 | Shoals:5 | Got a barnacled rune of Zot
 41108 | Shoals:2 | Bloax: Hey.
 41110 | Shoals:1 | tesudzi: hey
 41139 | Shoals:1 | Bloax: How oges?
 41144 | Shoals:1 | tesudzi: not so great =)
 41146 | Lair:5   | Bloax: :c
 41207 | Snake:1  | Entered Level 1 of the Snake Pit
 41380 | Snake:1  | Got a pair of crude gloves
 41384 | Snake:1  | Identified the +3 pair of gloves "Maighy" {Dex+4 Int-3} (You acquired it on level 1 of the Snake Pit)
 41384 | Snake:1  | Bloax: yay
 41385 | Snake:1  | Bloax: actual like
 41385 | Snake:1  | Bloax: GLOVES
 41385 | Snake:1  | Bloax: Instead of this shit.
 41415 | Snake:1  | Basil: Are you dying yet?
 41415 | Snake:1  | Bloax: I was dying before.
 41415 | Snake:1  | Bloax: And died.
 41415 | Snake:1  | Bloax: no regrets
 41415 | Snake:1  | Bloax: Now however.
 41415 | Snake:1  | Bloax: I'm smashing everything.
 41415 | Snake:1  | Bloax: <3
 41898 | Snake:1  | Basil: Gr are surprisingly fragile for the shitload of AC they have.
 41912 | Snake:1  | Bloax: Almost too fragile.
 41912 | Snake:1  | Bloax: The only reason I'm not dying horrible is because of my 31 EV and 42 SH.
 41912 | Snake:1  | Basil: Well, they're pretty interesting now
 41912 | Snake:1  | Basil: I think.
 41965 | Snake:1  | Basil: Compared to their previous incarnations.
 41983 | Snake:1  | Bloax: oh
 41983 | Snake:1  | Bloax: fucks yes
 41987 | Snake:1  | Learned a level 3 spell: Regeneration
 41990 | Snake:1  | Learned a level 2 spell: Repel Missiles
 42104 | Snake:2  | Reached skill level 1 in Charms
 42174 | Snake:2  | Bloax: I'm rather obviously far tankier than the majority of characters at this point.
 42322 | Snake:2  | Reached skill level 2 in Charms
 42366 | Snake:2  | Basil: Wait
 42384 | Snake:2  | Basil: Is that resistance shield?
 42386 | Snake:2  | Bloax: eyup
 42386 | Snake:2  | Basil: Goodie.
 42386 | Snake:2  | Bloax: Also nice find.
 42386 | Snake:2  | Bloax: i have to say
 42386 | Snake:2  | Bloax: Maurice without SInv.
 42386 | Snake:2  | Bloax: With a wand of disintegration.
 42386 | Snake:2  | Bloax: is fucking horrifying
 42408 | Snake:2  | Basil: He has 60 HP
 42429 | Snake:2  | Bloax: he has blink
 42429 | Snake:2  | Bloax: and you can't see him
 42429 | Snake:2  | Bloax: and
 42429 | Snake:2  | Bloax: You are blasted!
 42449 | Snake:2  | Basil: Slouch does ~4*speedDif per use regardless of invoc
 42548 | Snake:2  | Noticed Lamia
 42551 | Snake:2  | Basil: And he hastes.
 42556 | Snake:2  | Basil: Or swifts, rather
 42562 | Snake:2  | Killed Lamia
 42562 | Snake:2  | Reached skill level 3 in Charms
 42563 | Snake:2  | Basil: Woo
 42563 | Snake:2  | Bloax: get rekt queen of slow
 42564 | Snake:2  | Bloax: oo
 42568 | Snake:2  | Found a glowing silver altar of Zin.
 42758 | Snake:3  | Bloax: oh my
 42764 | Snake:3  | Reached skill level 4 in Charms
 42810 | Snake:3  | Bloax: did i like
 42810 | Snake:3  | Bloax: even take damage except for that poison arrow
 42947 | Snake:3  | Reached skill level 5 in Charms
 43429 | Snake:3  | Got a transparent ring mail
 43430 | Snake:3  | Identified the +7 ring mail "Pydoj" {rF+ rC++} (You found it on level 3 of the Snake Pit)
 43431 | Snake:3  | Bloax: oh boy
 43431 | Snake:3  | Bloax: that's like
 43431 | Snake:3  | Bloax: actually pretty beast
 43447 | Snake:3  | Bloax: !!!
 43464 | Snake:3  | Reached skill level 6 in Charms
 43573 | Snake:4  | Reached skill level 10 in Earth Magic
 43785 | Snake:4  | Noticed Roxanne
 43814 | Snake:4  | Killed Roxanne
 43814 | Snake:4  | Reached XP level 21. HP: 83/146 MP: 24/31
 44140 | Snake:4  | Noticed Frances
 44148 | Snake:4  | Killed Frances
 44148 | Snake:4  | Reached skill level 1 in Necromancy
 44442 | Snake:5  | Entered Level 5 of the Snake Pit
 44825 | Snake:5  | Reached skill level 2 in Necromancy
 44957 | Snake:5  | Found Twazusm's Food Shop.
 44957 | Snake:5  | Noticed Boris
 44976 | Snake:5  | Killed Boris
 45124 | Snake:5  | Reached skill level 11 in Earth Magic
 45304 | Snake:5  | Reached skill level 3 in Necromancy
 45369 | Snake:5  | Got a serpentine rune of Zot
 45912 | D:18     | Bloax: You have three guesses for guessing whose net craps out all the time!
 45917 | D:18     | Bloax: did i mention that what just happened there is very much yes
 46146 | Vaults:5 | Basil: What happened?
 46147 | Vaults:5 | Bloax: Ring of regeneration :DD
 46208 | Vaults:5 | Basil: Woo
 46315 | Vaults:5 | Reached skill level 16 in Dodging
 46358 | Vaults:5 | Noticed a golden dragon
 46367 | Vaults:5 | Killed a golden dragon
 46367 | Vaults:5 | Reached skill level 12 in Earth Magic
 46367 | Vaults:5 | Reached skill level 10 in Evocations
 46389 | Vaults:5 | Basil: Dang.
 46393 | Vaults:5 | Basil: You're buff as hell.
 46393 | Vaults:5 | Bloax: oh yes
 46395 | Vaults:5 | Bloax: Wasn't it rather obvious by how much I destroyed snake?
 46425 | Vaults:5 | Basil: Galumphing through V:$, punching everything in the dick
 46425 | Vaults:5 | Bloax: (I don't really think I took damage anything.)
 46437 | Vaults:5 | Basil: I wasn't paying attention to Snake.
 46442 | Vaults:5 | Basil: Only noticed you kill Lamia.
 46442 | Vaults:5 | Bloax: Haha yeah.
 46477 | Vaults:5 | Got a pitted copper ring
 46482 | Vaults:5 | Got a steaming lead amulet
 46487 | Vaults:5 | Got an ancient scale mail
 46488 | Vaults:5 | Identified the cursed -9 scale mail of Ufulagra {rPois rN+} (You found it on level 5 of the Vaults)
 46488 | Vaults:5 | Bloax: awesome
 46488 | Vaults:5 | Identified the ring "Crenn" {rElec Dex+2 Int+5} (You found it on level 5 of the Vaults)
 46489 | Vaults:5 | Identified the amulet "Phav" {rMut Str+4 Dex+4} (You found it on level 5 of the Vaults)
 46490 | Vaults:5 | Bloax: awesomeeeeeee
 46490 | Vaults:5 | Basil: Seems that the stat bonus doubling is handy for Chei.
 46490 | Vaults:5 | Bloax: :DDD
 46492 | Vaults:5 | Bloax: fuck yeahhh
 46492 | Vaults:5 | Bloax: And yeah Chei gives huge damage now.
 46594 | Vaults:5 | Bloax: re: punching everything in the dick
 46898 | Vaults:5 | Basil: Hm
 46910 | Vaults:5 | Basil: Perhaps I should give him another chance sometime
 46916 | Vaults:5 | Basil: with a notEnchanter
 46918 | Vaults:5 | Bloax: Try a dodger.
 46918 | Vaults:5 | Bloax: (this is kind of a dodger)
 46918 | Vaults:5 | Basil: That was in the top three shittiest games I ever played.
 46918 | Vaults:5 | Bloax: Though I was lucky with two !bmuts.
 46918 | Vaults:5 | Bloax: one of which gave me actual health
 47129 | Vaults:5 | Bloax: haha whatever
 47132 | Vaults:5 | Learned a level 2 spell: Song of Slaying
 47134 | Vaults:5 | Learned a level 1 spell: Infusion
 47274 | Vaults:5 | Basil: Don't forget step from time for convokers.
 47274 | Vaults:5 | Reached XP level 22. HP: 154/154 MP: 25/33
 47279 | Vaults:5 | Basil: Or temporal distortion rather.
 47281 | Vaults:5 | Bloax: no shits given
 47356 | Vaults:5 | Reached skill level 13 in Earth Magic
 47360 | Vaults:5 | Reached skill level 21 in Unarmed Combat
 47429 | Vaults:5 | Reached skill level 11 in Evocations
 47478 | Vaults:5 | Learned a level 3 spell: Passwall
 47484 | Vaults:5 | Learned a level 5 spell: Lee's Rapid Deconstruction
 47749 | Vaults:5 | Got a silver rune of Zot
 47750 | Vaults:5 | Bloax: oh don't mind me
 47750 | Vaults:5 | Bloax: just
 47750 | Vaults:5 | Bloax: casually obliterating vaults:5
 47750 | Vaults:5 | Bloax: nothing to see here
 48625 | Slime:1  | Entered Level 1 of the Pits of Slime
 48844 | Slime:2  | Reached skill level 16 in Fighting
 49307 | Slime:4  | Paralysed by a giant eyeball for 3 turns
 49314 | Slime:4  | Paralysed by a giant eyeball for 3 turns
 49338 | Slime:4  | Reached skill level 14 in Earth Magic
 49681 | Slime:5  | Found a viscous altar of Jiyva.
 50057 | Slime:6  | Entered Level 6 of the Pits of Slime
 50341 | Slime:6  | Noticed the royal jelly
 50342 | Slime:6  | Bloax: okay.jpg
 50363 | Slime:6  | Found a viscous altar of Jiyva.
 50396 | Slime:6  | Killed the royal jelly
 50396 | Slime:6  | Reached skill level 12 in Evocations
 50396 | Slime:6  | Reached XP level 23. HP: 104/162 MP: 32/35
 50419 | Slime:6  | Bloax: boom boom bang
 50483 | Slime:6  | Got a slimy rune of Zot
 50529 | Slime:6  | Got a heavily runed fire dragon armour
 50530 | Slime:6  | Identified the cursed -6 fire dragon armour "Zorph" {+Fly rPois rF++ rC- MR++ Stlth++} (You found it on level 6 of the Pits of Slime)
 50531 | Slime:6  | Bloax: yum yum no
 50684 | Slime:6  | Reached skill level 15 in Earth Magic
 50783 | Lair:8   | Bloax: hm
 51527 | D:19     | Reached skill level 17 in Dodging
 51955 | D:20     | Entered Level 20 of the Dungeon
 52148 | D:20     | Reached skill level 6 in Spellcasting
 52213 | D:20     | Reached skill level 17 in Fighting
 52501 | D:20     | Noticed Saint Roka
 52515 | D:20     | Killed Saint Roka
 52762 | D:20     | Found a one-way gate to the infinite horrors of the Abyss.
 52832 | D:21     | Found a gateway to Hell.
 53119 | D:21     | Noticed Mennas
 53148 | D:21     | Killed Mennas
 53150 | D:21     | Bloax: Mennas
 53150 | D:21     | Bloax: more like wrecktnas
 53442 | D:22     | Reached skill level 7 in Spellcasting
 53442 | D:22     | Reached skill level 16 in Earth Magic
 53567 | D:22     | Noticed Boris
 53577 | D:22     | Killed Boris
 53655 | D:22     | Found a one-way gate leading to the halls of Pandemonium.
 54053 | D:23     | Found a blossoming altar of Fedhas.
 54138 | D:23     | Found Nyusch Zuon's General Store.
 54156 | D:23     | Bought a potion of heal wounds for 60 gold pieces
 54156 | D:23     | Bought an apple for 16 gold pieces
 54649 | D:24     | Reached skill level 1 in Traps
 54767 | D:24     | Reached skill level 2 in Traps
 54767 | D:24     | Reached XP level 24. HP: 153/171 MP: 23/36
 54875 | D:24     | Basil: The grizzly bear evaporates and reforms as a fire crab!
 55023 | D:24     | Reached skill level 3 in Traps
 55086 | D:24     | Reached skill level 4 in Traps
 55346 | D:24     | Reached skill level 5 in Traps
 55429 | D:25     | Entered Level 25 of the Dungeon
 55432 | D:25     | Bloax: :D
 55467 | D:25     | Bloax: i'm
 55467 | D:25     | Bloax: i'm not liking this vault already
 55473 | D:25     | Basil: It's a fun one.
 55492 | D:25     | Reached skill level 3 in Translocations
 55942 | D:25     | Reached skill level 8 in Spellcasting
 55944 | D:25     | Reached skill level 4 in Translocations
 55944 | D:25     | Reached skill level 6 in Traps
 56125 | D:25     | Learned a level 7 spell: Controlled Blink
 56519 | Hell     | Entered the Vestibule of Hell
 56529 | Hell     | Noticed Geryon
 56544 | Hell     | Killed Geryon
 56544 | Hell     | Reached skill level 17 in Earth Magic
 56553 | Hell     | Reached skill level 5 in Translocations
 56560 | Hell     | Noticed an ancient lich
 56571 | Hell     | Reached skill level 22 in Unarmed Combat
 56582 | Hell     | Basil: Huh
 56583 | Hell     | Basil: Might want to kill the souls
 56583 | Hell     | Bloax: yeah
 56584 | Hell     | Basil: Before you give the lich a deathblow
 56588 | Hell     | Killed an ancient lich
 56589 | Hell     | Bloax: I think I've killed it twice already
 56593 | Hell     | Basil: Hm
 56593 | Hell     | Basil: Boris should spam lost souls.
 56634 | Hell     | Bloax: You know the situation is dire
 56634 | Hell     | Bloax: When you're eating a sausage in hell.
 56719 | D:25     | Learned a level 5 spell: Phase Shift
 56775 | D:26     | Reached skill level 9 in Spellcasting
 56873 | D:26     | Bloax: whoah whoah whoah
 56873 | D:26     | Bloax: calm down son
 56875 | D:26     | Reached skill level 6 in Translocations
 56875 | D:26     | Reached XP level 25. HP: 156/177 MP: 33/37
 56934 | D:26     | Noticed an ancient lich
 56975 | D:26     | Killed an ancient lich
 56987 | D:26     | Basil: y
 56987 | D:26     | Bloax: yum
 56987 | D:26     | Basil: nnnnn
 56987 | D:26     | Bloax: And if you're asking why then it's because the disk went berserk in a tight room.
 57096 | D:26     | Bloax: Alright then.
 57096 | D:26     | Bloax: Now to play in not-eating tempo again.
 57106 | D:26     | Bloax: though wait
 57106 | D:26     | Bloax: webtiles and its accumulating latency
 57255 | D:26     | Basil: Get better internet.
 57340 | D:26     | Reached skill level 18 in Earth Magic
 57347 | D:26     | Reached skill level 7 in Translocations
 57365 | D:26     | Reached skill level 10 in Spellcasting
 57440 | D:26     | Got a wavering golden ring
 57537 | D:26     | Identified the ring "Ytimu" {cTele +Rage Stlth+} (You took it off a yaktaur captain on level 26 of the Dungeon)
 57643 | D:26     | Bloax: That's not it.
 57643 | D:26     | Bloax: Webtiles becomes more and more laggy the longer you play it.
 57903 | D:27     | Entered Level 27 of the Dungeon
 57904 | D:27     | Bloax: Hey.
 57908 | D:27     | Noticed Jory
 57917 | D:27     | Killed Jory
 57928 | D:27     | 4tharraofdagon: hi
 57950 | D:27     | Bloax: Just playing a bit of dieselcrawl.
 57950 | D:27     | Bloax: How about you?
 57962 | D:27     | 4tharraofdagon: this gargoyle with wings looks so epic
 57968 | D:27     | 4tharraofdagon: you look like seraphine
 57982 | D:27     | Bloax: wut
 57992 | D:27     | Bloax: oh
 58011 | D:27     | Reached skill level 8 in Translocations
 58096 | D:27     | Basil: Why are you training tlocs?
 58116 | D:27     | Bloax: why not
 58125 | D:27     | Basil: Because you can cast phase shift reliably now
 58134 | D:27     | Bloax: who needs phase shift
 58134 | D:27     | Bloax: when you have cblink
 58252 | D:27     | Basil: Book of the warp is in your game?
 58252 | D:27     | Basil: Why aren't you focusing tlocs?
 58252 | D:27     | Bloax: also look at the very
 58252 | D:27     | Bloax: first spell
 58452 | Zot:1    | Entered Level 1 of the Realm of Zot
 58517 | D:26     | Voluntarily entered the Abyss.
 58521 | Abyss:1  | 4tharraofdagon: bbs
 58680 | Abyss:4  | Found a corrupted altar of Lugonu.
 58769 | Abyss:4  | Reached skill level 9 in Translocations
 58847 | Abyss:4  | Noticed an ancient lich
 58856 | Abyss:4  | Killed an ancient lich
 58856 | Abyss:4  | Reached XP level 26. HP: 147/184 MP: 38/39
 58878 | Abyss:4  | Reached skill level 11 in Spellcasting
 58898 | Abyss:4  | Reached skill level 23 in Unarmed Combat
 59083 | Abyss:4  | Basil: H
 59083 | Abyss:4  | Bloax: What's with all this.
 59083 | Abyss:4  | Basil: Rune vault?
 59102 | Abyss:4  | Bloax: Maybe.
 59289 | Abyss:4  | Reached skill level 10 in Translocations
 59448 | Abyss:4  | Found a corrupted altar of Lugonu.
 59609 | Abyss:4  | Got an abyssal rune of Zot
 59610 | Abyss:4  | Bloax: get rekt nerds
 59847 | D:26     | Escaped the Abyss
 59863 | D:26     | Bloax: What now?
 59950 | Zot:1    | Reached skill level 11 in Translocations
 59965 | Zot:1    | Upgraded the game from 0.13-a0-2368-g1f063cc to 0.13-a0-2382-gbc6a47d
 60342 | Zot:1    | Got an encrusted plate armour
 60343 | Zot:1    | Identified the +1 plate armour "Psabaps" {rC+ Acc+2 Dam+5 Curse} (You found it on level 1 of the Realm of Zot)
 61062 | Zot:2    | Reached skill level 18 in Dodging
 61117 | Zot:2    | Reached skill level 12 in Translocations
 61142 | Zot:2    | Reached XP level 27. HP: 106/192 MP: 12/40
 61343 | Zot:2    | Reached skill level 18 in Fighting
 61954 | Zot:4    | Reached skill level 13 in Translocations
 62690 | Zot:3    | Reached skill level 24 in Unarmed Combat
 62760 | Zot:3    | Reached skill level 14 in Translocations
 63131 | Zot:3    | Got a pair of shimmering gloves
 63132 | Zot:3    | Identified the +1 pair of gloves "Traoh" {Str+2 Int-4} (You acquired it on level 3 of the Realm of Zot)
 63850 | Zot:5    | Entered Level 5 of the Realm of Zot
 64105 | Zot:5    | Reached skill level 19 in Fighting
 64539 | Zot:5    | Reached skill level 15 in Translocations
 64574 | Zot:5    | Noticed an ancient lich
 64588 | Zot:5    | Killed an ancient lich
 64624 | Zot:5    | Noticed an orb of fire
 64637 | Zot:5    | Killed an orb of fire
 64672 | Zot:5    | Noticed an orb of fire
 64673 | Zot:5    | Reached skill level 19 in Dodging
 64688 | Zot:5    | Killed an orb of fire
 64747 | Zot:5    | Noticed an orb of fire
 64760 | Zot:5    | Killed an orb of fire
 64799 | Zot:5    | Noticed an orb of fire
 64817 | Zot:5    | Killed an orb of fire
 64936 | Zot:5    | Reached skill level 16 in Translocations
 64987 | Zot:5    | Bloax: Oh hey.
 64987 | Zot:5    | Bloax: Don't mind me.
 64987 | Zot:5    | Bloax: Just tabbing through Zot:5.
 65019 | Zot:5    | Noticed an orb of fire
 65035 | Zot:5    | Killed an orb of fire
 65100 | Zot:5    | Noticed an ancient lich
 65100 | Zot:5    | Noticed an orb of fire
 65115 | Zot:5    | Killed an ancient lich
 65115 | Zot:5    | Reached skill level 20 in Fighting
 65121 | Zot:5    | Killed an orb of fire
 65121 | Zot:5    | Reached skill level 25 in Unarmed Combat
 65163 | Zot:5    | Noticed an orb of fire
 65176 | Zot:5    | Killed an orb of fire
 65226 | Zot:5    | foonesh: yeah i figured:D this character is so tanky
 65280 | Zot:5    | Reached skill level 17 in Translocations
 65331 | Zot:4    | foonesh: i didn't know stepping out of time was that useful
 65367 | Zot:2    | Bloax: I'm not stepping out of time.
 65367 | Zot:2    | foonesh: oh
 65367 | Zot:2    | Bloax: Temporal distortion is very good though.
 65367 | Zot:2    | foonesh: how did you make fire orbs approach you so fast then?
 65367 | Zot:2    | foonesh: did you just 'wait' for them to come at you
 65367 | Zot:2    | Bloax: ab
 65367 | Zot:2    | foonesh: oh
 65367 | Zot:2    | Bloax: Makes them instantly move towards you.
 65367 | Zot:2    | Bloax: Or along those lines.
 65367 | Zot:2    | foonesh: well i'm not too familiar with this god, that sounds really nice
 65367 | Zot:2    | Bloax: (if they don't just press . and try again)
 65377 | Zot:2    | Bloax: The movement speed is kinda shit.
 65377 | Zot:2    | Bloax: But otherwise I'd say he's one of the best.
 65411 | Zot:2    | Bloax: i don't even know what to do now
 65411 | D:24     | foonesh: you're gargoyle, you're pretty likely to succeed in hell
 65429 | Zot:1    | foonesh: how're your resists?
 65449 | D:27     | Bloax: quite good
 65449 | D:27     | foonesh: yep, looks nice
 65449 | D:27     | foonesh: i'd probably try hell, though i'm not too good without the speed advantage there, so it's up to you whether u want to do it
 65449 | D:27     | Bloax: AC+20
 65449 | D:27     | Bloax: heh heh heh
 65449 | D:27     | foonesh: ^^
 65449 | D:27     | Bloax: Hell is pretty fun.
 65449 | D:27     | Bloax: more fun than what i'm going to do now
 65449 | D:27     | Bloax: maybe i should like just
 65449 | D:27     | Bloax: bite the bullet
 65449 | D:27     | Bloax: and go do it
 65449 | D:27     | foonesh: idk, i consider pan harder than hell to be honest
 65449 | D:27     | Bloax: It's harder in the aspect that the lords are usually tougher.
 65449 | D:27     | foonesh: because you can't escape anytime you want to
 65449 | D:27     | foonesh: yea
 65449 | D:27     | Bloax: Gloorx is pretty hardcore for anyone but a statuebasher.
 65449 | D:27     | Bloax: (because then you have rTorment and dispel undead doesn't work on you.)
 65449 | D:27     | Bloax: And Cerebov is pretty nasty.
 65449 | D:27     | foonesh: oh yea, i spawned next to him with my last DECJ
 65449 | D:27     | foonesh: or DEWZ
 65449 | D:27     | foonesh: gloorx that is
 65449 | D:27     | foonesh: it was a miracle i survived
 65449 | D:27     | Bloax: Mnoleg is a bastard and Lom Lobon is kind of random.
 65449 | D:27     | Bloax: i.e. he either decides to give you a free rune or murderize you
 65592 | D:27     | foonesh: idk how they work in meele, but for firestormers they're mostly pushovers
 65592 | D:27     | foonesh: lom is prolly pain in ass
 65592 | D:27     | foonesh: to fight
 65592 | Zot:1    | foonesh: with his constant blinking
 65939 | Pan      | Entered Pandemonium
 66065 | Pan      | Reached skill level 19 in Earth Magic
 66111 | Pan      | foonesh: haha wish i could carry that much stuff around, i'm usually hovering around 5 str
 66111 | Pan      | Bloax: oh shit nigga
 66111 | Pan      | foonesh: oh, helion island
 66111 | Pan      | Bloax: ohhhhhhhhhhhh shit
 66112 | Pan      | Noticed Coqar the pandemonium lord
 66143 | Pan      | foonesh: what just happened? how'd u kill them?:D
 66143 | Pan      | Bloax: slouched
 66143 | Pan      | Bloax: as
 66143 | Pan      | Bloax: fuck
 66144 | Pan      | foonesh: xD
 66149 | Pan      | foonesh: awesome man
 66153 | Pan      | Bloax: jesus christ
 66153 | Pan      | Bloax: stop mating
 66164 | Pan      | foonesh: hahaaha
 66239 | Pan      | foonesh: there's a rune on that island btw, im sure u noticed but just in case
 66256 | Pan      | Bloax: I've done this thing on my DjMo.
 66256 | Pan      | Bloax: it was
 66256 | Pan      | Bloax: hilarious
 66259 | Pan      | foonesh: did u meele them ? o.O
 66276 | Pan      | Killed Coqar the pandemonium lord
 66305 | Pan      | Identified Zemacop's Handbook of Envenoming
 66312 | Pan      | Identified the Guide on Self-Knowledge and Dark Rites
 66322 | Pan      | Got a demonic rune of Zot
 66341 | Pan      | Bloax: All those?
 66341 | Pan      | Bloax: Why yes.
 66341 | Pan      | Bloax: Didn't you notice how overpowered I am back in Zot:5
 66359 | Pan      | foonesh: nono, i mean with that DJMO ;p
 66362 | Pan      | Bloax: yes
 66362 | Pan      | foonesh: i sure as hell noticed
 66362 | Pan      | Bloax: yes i did
 66362 | Pan      | foonesh: lol
 66362 | Pan      | Bloax: with my sword of jihad
 66362 | Pan      | foonesh: haha
 66362 | Pan      | Bloax: in the name of the god of death
 66362 | Pan      | Bloax: kikubaaqudgha
 66548 | Pan      | Noticed Ziqoenaclo the pandemonium lord
 66575 | Pan      | Killed Ziqoenaclo the pandemonium lord
 66575 | Pan      | Reached skill level 9 in Invocations
 66580 | Pan      | Bloax: hey you
 66580 | Pan      | Bloax: yes you dead motherfucker
 66580 | Pan      | Bloax: i'm not getting paralyzed by your eyes
 66580 | Pan      | Bloax: period
 66751 | Pan      | Bloax: also he was residing in a 1x1 box
 66751 | Pan      | Bloax: so i guess "dick in a box" fits here
 66761 | Pan      | foonesh: LOL ^^
 66778 | Pan      | Entered the realm of Gloorx Vloq.
 66779 | Pan      | Bloax: oh gloorxie
 66779 | Pan      | Bloax: i'm hoooooooome
 66942 | Pan      | Learned a level 9 spell: Shatter
 67009 | Pan      | Noticed Gloorx Vloq
 67027 | Pan      | Killed Gloorx Vloq
 67029 | Pan      | foonesh: sigh
 67052 | Pan      | Reached skill level 10 in Invocations
 67105 | Pan      | Got a dark rune of Zot
 67106 | Pan      | Bloax: wanna know the funniest thing about my 43 ac
 67127 | Pan      | foonesh: yea?
 67130 | Pan      | Bloax: I'm wearing a ring mail.
 67130 | Pan      | Bloax: you know
 67130 | Pan      | Bloax: the second worst actual armour
 67130 | Pan      | foonesh: dem gargoyles man
 67130 | Pan      | foonesh: dem gargoyles
 67567 | Pan      | Noticed Skatocla the pandemonium lord
 67586 | Pan      | Killed Skatocla the pandemonium lord
 67586 | Pan      | Reached skill level 20 in Earth Magic
 67712 | Pan      | Identified the Tome of Air
 67735 | Pan      | Bloax: pandemonium loot in one big vault
 67735 | Pan      | Bloax: trash
 67735 | Pan      | Bloax: trash
 67735 | Pan      | Bloax: and trash
 67735 | Pan      | Bloax: and occasionally something useful to some degree
 67735 | Pan      | Bloax: but 99% trash
 67738 | Pan      | foonesh: well that's pretty typical;p
 67912 | Pan      | foonesh: the best thing i hope for in there are some potions/scrolls to be honest
 67925 | Pan      | foonesh: things*
 67937 | Pan      | Reached skill level 20 in Dodging
 67950 | Pan      | Reached skill level 21 in Fighting
 68236 | Pan      | Entered the realm of Lom Lobon.
 68238 | Pan      | Bloax: landofbon
 68304 | Pan      | foonesh: dont get banished;p
 68308 | Pan      | foonesh: i see
 68308 | Pan      | Bloax: i double dare you
 68312 | Pan      | Bloax: god
 68312 | Pan      | Bloax: just kill yourself for me already
 68316 | Pan      | foonesh: ^^
 68358 | Pan      | Noticed Lom Lobon
 68374 | Pan      | Killed Lom Lobon
 68375 | Pan      | Bloax: dancing with lobon
 68375 | Pan      | Bloax: second volume
 68376 | Pan      | Bloax: of a four-dimensional smackdown
 68387 | Pan      | foonesh: second volume? second phrase maybe^^
 68398 | Pan      | foonesh: but i doubt it lasted long enough
 68437 | Pan      | Got a magical rune of Zot
 68498 | Pan      | Bloax: woo
 68498 | Pan      | Bloax: i actually got my cloak
 68498 | Pan      | Bloax: back to its original enchantment
 68558 | Pan      | Gained mutation: You are weak (Str -1). [a cacodemon]
 68577 | Pan      | Bloax: if they want it rough
 68577 | Pan      | Bloax: they'll get it ROUGH
 68741 | Pan      | Bloax: (Yes, that was me utterly destroying a band of fuck.)
 68876 | Pan      | Entered the realm of Cerebov.
 68877 | Pan      | Bloax: yay
 68890 | Pan      | foonesh: there we go
 68896 | Pan      | Bloax: what's that smell
 68923 | Pan      | Bloax: Do you know where that's from?
 68988 | Pan      | foonesh: i heard cerebov's thrown a bbq party
 68999 | Pan      | Bloax: no more meatsteaks
 69253 | Pan      | Noticed Cerebov
 69316 | Pan      | HP: 28/202 [Cerebov/great blast of fire (35)]
 69327 | Pan      | Killed Cerebov
 69328 | Pan      | Bloax: and down he goes
 69328 | Pan      | foonesh: did he just suicide :D
 69328 | Pan      | Bloax: an hero was born today
 69328 | Pan      | HP: 45/202 [balrug/fireball (12)]
 69333 | Pan      | HP: 36/202 [Hell Sentinel/iron shot[Cerebov] (14)]
 69372 | Pan      | Gained mutation: Your vision is a little blurry. [mutagenic glow]
 69431 | Pan      | Reached skill level 21 in Earth Magic
 69527 | Pan      | Got a fiery rune of Zot
 69557 | Pan      | Identified the Tome of Bewitching Creation
 69573 | Pan      | Identified the Incunabulum of Unholy Arts
 69594 | Pan      | Got a pair of bloodstained gloves
 69595 | Pan      | Identified the +0 pair of gloves of the Eternal Fruit {Str+4 Dex+2 Int+3} (You found it in Pandemonium)
 69606 | Pan      | Identified the Tome of Spatial Clay
 69680 | Pan      | Bloax: deer diary
 69680 | Pan      | Bloax: today i had a jihad with cerebov
 69680 | Pan      | Bloax: love, bloax
 69680 | Pan      | foonesh: xD
 69713 | Pan      | Noticed Acigatz the pandemonium lord
 70035 | Pan      | Noticed Ytwuicho the pandemonium lord
 70042 | Pan      | Killed Ytwuicho the pandemonium lord
 70135 | Pan      | Found an exit through the horrors of the Abyss.
 70234 | Pan      | Entered the realm of Mnoleg.
 70235 | Pan      | Bloax: finally
 70522 | Pan      | Gained mutation: Your body is slowly deteriorating. [a cacodemon]
 70540 | Pan      | Gained mutation: You are weak (Str -2). [a cacodemon]
 70550 | Pan      | Lost mutation: You are robust (+10% HP). [a cacodemon]
 70557 | Pan      | Reached skill level 22 in Fighting
 70593 | Pan      | Reached skill level 26 in Unarmed Combat
 70601 | Pan      | Paralysed by a giant eyeball for 4 turns
 70609 | Pan      | Paralysed by a giant eyeball for 2 turns
 70825 | Pan      | Noticed Mnoleg
 70852 | Pan      | Killed Mnoleg
 70909 | Pan      | Got a glowing rune of Zot
 70929 | Pan      | Got a fine golden ring
 70930 | Pan      | Identified the ring "Phiawnui" {rPois rC++} (You found it in Pandemonium)
 70931 | Pan      | foonesh: golden ring looks purple to me
 70931 | Pan      | Bloax: it's purple gold!!
 70931 | Pan      | Bloax: Totally.
 70931 | Pan      | foonesh: ^^
 71004 | Pan      | Gained mutation: You are frail (-10% HP). [a cacodemon]
 71037 | Pan      | Noticed Xosyiwn the pandemonium lord
 71038 | Pan      | Bloax: uh
 71038 | Pan      | Bloax: well then
 71039 | Pan      | foonesh: a fun place to be.
 71473 | Pan      | Noticed Rofoadoo the pandemonium lord
 71487 | Pan      | Killed Rofoadoo the pandemonium lord
 71506 | Pan      | Reached skill level 22 in Earth Magic
 71603 | Pan      | foonesh: good luck with hells, see u man
 71604 | Pan      | Bloax: layteyrs
 71605 | Pan      | Got a steaming ring mail
 71606 | Pan      | Identified the +4 ring mail "Ajoij" {rC+ Str+2 SInv} (You found it in Pandemonium)
 71916 | Pan      | Gained mutation: You are clumsy (Dex -1). [a neqoxec]
 72149 | D:24     | Escaped Pandemonium
 72409 | D:18     | Lost mutation: You are weak (Str -2). [potion of cure mutation]
 72409 | D:18     | Lost mutation: You are frail (-10% HP). [potion of cure mutation]
 72409 | D:18     | Lost mutation: You are weak (Str -1). [potion of cure mutation]
 72409 | D:18     | Lost mutation: Your vision is a little blurry. [potion of cure mutation]
 72409 | D:18     | Lost mutation: You can spit poison. [potion of cure mutation]
 72421 | D:18     | Lost mutation: Your body is slowly deteriorating. [potion of cure mutation]
 72421 | D:18     | Lost mutation: You are clumsy (Dex -1). [potion of cure mutation]
 73464 | Forest:1 | Entered Level 1 of the Enchanted Forest
 73830 | Forest:2 | Reached skill level 21 in Dodging
 73839 | Forest:2 | Found a staircase to the Tomb.
 74248 | Forest:3 | Noticed Margery
 74267 | Forest:3 | Killed Margery
 74555 | Forest:5 | Entered Level 5 of the Enchanted Forest
 74803 | Forest:5 | Noticed the Enchantress
 74813 | Forest:5 | Killed the Enchantress
 74837 | Forest:5 | Got a faerie dragon armour
 74838 | Forest:5 | Identified the +6 faerie dragon armour {rPois} (You took it off the Enchantress on level 5 of the Enchanted Forest)
 75271 | Hell     | Found a gateway to the ashen valley of Gehenna.
 75363 | Hell     | Found a gateway to the decaying netherworld of Tartarus.
 75415 | Hell     | Found a gateway to the freezing wastes of Cocytus.
 75464 | Hell     | Found a gateway to the Iron City of Dis.
 75627 | Tar:1    | Entered Level 1 of Tartarus
 75797 | Tar:1    | Reached skill level 23 in Earth Magic
 76040 | Tar:2    | Reached skill level 23 in Fighting
 76629 | Tar:7    | Entered Level 7 of Tartarus
 76715 | Tar:7    | Reached skill level 27 in Unarmed Combat
 76805 | Tar:7    | Gained mutation: You evolve. [mutagenic glow]
 77054 | Tar:7    | Noticed the Serpent of Hell
 77072 | Tar:7    | Killed the Serpent of Hell
 77086 | Tar:7    | Reached skill level 24 in Earth Magic
 77166 | Tar:7    | Noticed Ereshkigal
 77244 | Tar:7    | Killed Ereshkigal
 77278 | Tar:7    | Got a bone rune of Zot
 77284 | Tar:7    | Got a brightly glowing chain mail
 77285 | Tar:7    | Identified the +8 chain mail "Ciucreif" {MR++} (You found it on level 7 of Tartarus)
 77423 | Coc:1    | Entered Level 1 of Cocytus
 77539 | Coc:2    | SGrunt: ...what in the four hells are you up to <_<
 77542 | Coc:2    | Bloax: what
 77571 | Coc:2    | Bloax: I'm just taking out the trash.
 77582 | Coc:2    | SGrunt: (attempting to make a terrible joke)
 77599 | Coc:2    | Reached skill level 3 in Stealth
 77614 | Coc:2    | Bloax: god fuck this layout
 77748 | Coc:3    | SGrunt: It's pretty hellish.
 77815 | Coc:5    | Reached skill level 4 in Stealth
 77881 | Coc:5    | Bloax: more like
 77881 | Coc:5    | Bloax: the stairs down are hidden from view
 77881 | Coc:5    | Bloax: for whatever reason
 78061 | Coc:5    | Reached skill level 5 in Stealth
 78169 | Coc:6    | Reached skill level 25 in Earth Magic
 78169 | Coc:6    | Reached skill level 6 in Stealth
 78253 | Coc:7    | Entered Level 7 of Cocytus
 78254 | Coc:7    | Bloax: Neat.
 78255 | Coc:7    | Bloax: hell yeah
 78255 | Coc:7    | SGrunt: Nice landing.
 78298 | Coc:7    | Reached skill level 22 in Dodging
 78307 | Coc:7    | Reached skill level 24 in Fighting
 78307 | Coc:7    | Reached skill level 7 in Stealth
 78425 | Coc:7    | Noticed Antaeus
 78426 | Coc:7    | SGrunt: HI ANTAEUS
 78434 | Coc:7    | Reached skill level 8 in Stealth
 78685 | Coc:7    | Killed Antaeus
 78686 | Coc:7    | Bloax: smackdown
 78704 | Coc:7    | Got an icy rune of Zot
 78707 | Coc:7    | SGrunt: BYE ANTAEUS
 78719 | Coc:7    | Identified Grajed's Catalogue of the Vitriolic Compass
 78726 | Coc:7    | Identified Sif Muna's Tome of the Gnat
 78827 | Hell     | Bloax: shatter is ghetto ctele
 78877 | Dis:1    | Entered Level 1 of the Iron City of Dis
 79072 | Dis:4    | SGrunt: You pummel the hellion like a punching bag!!!!
 79072 | Dis:4    | Bloax: kids don't rush when you're lagging due to webtiles and its accumulating delay
 79538 | Dis:4    | Reached skill level 26 in Earth Magic
 80173 | Dis:7    | Entered Level 7 of the Iron City of Dis
 80193 | Dis:7    | SGrunt: dis_old
 80210 | Dis:7    | Bloax: dis_gon_be_gud
 80210 | Dis:7    | Bloax:
 80346 | Dis:7    | Bloax: norunehere.png
 80379 | Dis:7    | Bloax: maxwell's silver armour
 80380 | Dis:7    | Reached skill level 9 in Stealth
 80478 | Dis:7    | Reached skill level 27 in Earth Magic
 80503 | Dis:7    | Reached skill level 10 in Stealth
 80623 | Dis:7    | Bloax: With some clever math, you can calculate exactly how much I don't even care at this point.
 80726 | Dis:7    | Reached skill level 11 in Stealth
 80750 | Dis:7    | nago: it's directly proportional to the risk you suffer of a very yasd
 80776 | Dis:7    | nago: *suffer a
 80893 | Dis:7    | Noticed Dispater
 80929 | Dis:7    | Killed Dispater
 80929 | Dis:7    | Reached skill level 25 in Fighting
 80941 | Dis:7    | Gained mutation: Your mind is acute (Int +1). [a cacodemon]
 80964 | Dis:7    | Got an iron rune of Zot
 80992 | Dis:7    | Reached skill level 12 in Stealth
 81203 | Geh:1    | Entered Level 1 of Gehenna
 81267 | Geh:1    | Reached skill level 13 in Stealth
 81309 | Geh:1    | Reached skill level 12 in Spellcasting
 81797 | Geh:5    | Reached skill level 14 in Stealth
 82014 | Geh:6    | SGrunt: GARGOYLE TO THE FACE
 82240 | Geh:7    | Entered Level 7 of Gehenna
 82257 | Geh:7    | Reached skill level 23 in Dodging
 82257 | Geh:7    | Reached skill level 15 in Stealth
 82659 | Geh:7    | Reached skill level 16 in Stealth
 82659 | Geh:7    | Reached skill level 13 in Spellcasting
 82709 | Geh:7    | 4tharraofdagon: howdy
 82710 | Geh:7    | Bloax: Hey.
 82747 | Geh:7    | Bloax: How goes?
 82776 | Geh:7    | Bloax: hey
 82776 | Geh:7    | Bloax: i see fire clouds
 82776 | Geh:7    | Bloax: no not asmodeus
 82776 | Geh:7    | Bloax: no sir
 82798 | Geh:7    | Noticed Asmodeus
 82811 | Geh:7    | Killed Asmodeus
 82858 | Geh:7    | Got a faintly humming helmet
 82859 | Geh:7    | Identified the +1 helmet of Cirir {+Inv rElec} (You found it on level 7 of Gehenna)
 82859 | Geh:7    | SGrunt: evilmike_geh
 82862 | Geh:7    | Got an obsidian rune of Zot
 82900 | Geh:7    | 4tharraofdagon: btw
 82904 | Geh:7    | SGrunt: What's left? Tomb?
 82907 | Geh:7    | Bloax: Yep.
 82923 | Geh:7    | 4tharraofdagon: http://crawl.lantea.net/crawl/morgue/4tharraofdagon/morgue-4tharraofdagon-20130713-235416.txt
 82929 | Geh:7    | 4tharraofdagon: 103% hp
 82929 | Geh:7    | 4tharraofdagon: wtf
 82929 | Geh:7    | Bloax: Lame
 82974 | Geh:7    | Bloax: As I said before;
 82974 | Geh:7    | Bloax: shatter is ghetto ctele
 82992 | Hell     | SGrunt: Are you going to shattertomb?
 82992 | Hell     | Bloax: probably
 82992 | Hell     | 4tharraofdagon: ye but later on its so good to kill things as i figured
 82992 | Hell     | Bloax: i'll go ahead and be banned entirely from ##crawl
 82992 | Hell     | Bloax: but i'm probably going to shatter tomb's ass
 82992 | Hell     | 4tharraofdagon: do you find shatter usefull in hell/pan?
 82994 | Hell     | Bloax: It's okay.
 82994 | Hell     | Bloax: I wish I had tornado though.
 83004 | D:21     | 4tharraofdagon: ye
 83004 | D:21     | Bloax: It's definitely more useful than it's made out to be.
 83004 | D:21     | 4tharraofdagon: almost all demons fly anyway
 83004 | D:21     | Bloax: just like chei
 83516 | D:6      | SGrunt: OH NO, AN ORC
 83517 | D:6      | Bloax: SHATTER
 83903 | D:17     | Bloax: it's been so long since i've eaten fresh meat
 84313 | Tomb:1   | Entered Level 1 of the Tomb of the Ancients
 84335 | Forest:2 | Bloax: lolol
 84335 | Forest:2 | SGrunt: Mmm, Maxwell's.
 84413 | Tomb:1   | Bloax: not so practical situation
 84415 | Tomb:1   | 4tharraofdagon: fellin cocky?
 84423 | Tomb:1   | HP: 43/196 [mummy priest/divine providence (14)]
 84429 | Tomb:1   | Bloax: much better
 84619 | Tomb:1   | Noticed Sojobo
 84621 | Tomb:1   | Bloax: what are YOU doing here
 84621 | Tomb:1   | Bloax:
 84622 | Tomb:1   | SGrunt: Hi Sojobo!
 84636 | Tomb:1   | 4tharraofdagon: KIEL!!!!!!!
 84637 | Tomb:1   | 4tharraofdagon: MOAR ENEMYYYZZZ
 84637 | Tomb:1   | Bloax: fite me nerd
 84644 | Tomb:1   | Killed Sojobo
 84644 | Tomb:1   | Reached skill level 26 in Fighting
 84648 | Tomb:1   | SGrunt: You beat Sojobo into a bloody pulp!!!
 84648 | Tomb:1   | Bloax: shittershocked
 84725 | Tomb:1   | 4tharraofdagon: shit'll get deep when you have a blast back
 84731 | Tomb:1   | HP: 42/197 [indirect mummy death curse (34)]
 84734 | Tomb:1   | Reached skill level 17 in Stealth
 84844 | Tomb:2   | Bloax: Oh no!
 84844 | Tomb:2   | Bloax: You have blundered into a Zot trap!
 84844 | Tomb:2   | Bloax: You feel teeeerrible.
 84844 | Tomb:2   | SGrunt: You feel terrible.
 84917 | Tomb:1   | Bloax: did i just get marked there
 84917 | Tomb:1   | Bloax: yes i did
 84941 | Tomb:1   | SGrunt: HOW ALARMING
 84993 | Tomb:1   | Bloax: very
 84993 | Tomb:1   | Bloax: look at all
 84993 | Tomb:1   | 4tharraofdagon: btw from what skill does your title come
 84993 | Tomb:1   | Bloax: the fucks i give
 84993 | Tomb:1   | Bloax: Unarmed.
 85007 | Tomb:1   | 4tharraofdagon: grand master? rotflcopter
 85095 | Tomb:1   | HP: 48/197 [greater mummy/torment (13)]
 85101 | Tomb:1   | HP: 47/197 [greater mummy/divine providence (10)]
 85115 | Tomb:1   | HP: 49/197 [greater mummy/divine providence (10)]
 85135 | Tomb:1   | Reached skill level 14 in Spellcasting
 85565 | Tomb:1   | Bloax: well this is just unplayable
 85764 | Tomb:2   | 4tharraofdagon: enjoy your stay!
 85921 | Tomb:3   | Entered Level 3 of the Tomb of the Ancients
 86118 | Tomb:3   | Bloax: I can figure the worst plan to ever exist here
 86118 | Tomb:3   | Bloax: namely shatter right here
 86164 | Tomb:3   | 4tharraofdagon: just lure few gm's to los
 86175 | Tomb:3   | 4tharraofdagon: and haste-blast them
 86276 | Tomb:2   | Reached skill level 18 in Stealth
 87011 | Tomb:3   | Got a golden rune of Zot
 87020 | Tomb:3   | 4tharraofdagon: Rehetep comes into view. You hear Thomas Biskup's chuckle.
 87052 | Tomb:1   | SGrunt: The ancient lich evaporates and reforms as an emperor lich!
 87255 | Forest:2 | 4tharraofdagon: is emperor lich only accent in bot?
 87419 | D:20     | 4tharraofdagon: adom accent*
 87645 | Zot:2    | Bloax: ahh
 87656 | Zot:2    | Reached skill level 13 in Evocations
 87832 | Zot:5    | Got the Orb of Zot
 87960 | D:25     | 4tharraofdagon: plz do something riddiculous on exit :)
 87988 | D:24     | 4tharraofdagon: like drain yourself to xlvl 1 and 10/10 life
 88045 | D:22     | Noticed Teirreg the pandemonium lord
 88149 | D:17     | SGrunt: You can't do that any more.
 88159 | D:17     | SGrunt: Draining works differently these days.
 88167 | D:16     | 4tharraofdagon: :(
 88169 | D:16     | Noticed Ciroez the pandemonium lord
 88180 | D:16     | 4tharraofdagon: can drain stack?
 88182 | D:16     | Killed Ciroez the pandemonium lord
 88202 | D:16     | 4tharraofdagon: so you can drain your skills to 1
 88209 | D:15     | SGrunt: Yes.
 88250 | D:14     | Noticed Nahawkewa the pandemonium lord
 88264 | D:13     | Reached skill level 15 in Spellcasting
 88307 | D:12     | 4tharraofdagon: tomb card is not anymore?
 88317 | D:11     | 4tharraofdagon: i couldnt find it recently
 88339 | D:9      | SGrunt: It still exists, IIRC.
 88419 | D:7      | Noticed Otua the pandemonium lord
 88427 | D:6      | Bloax: haha
 88427 | D:6      | Bloax: eat that chei haters
 88521 | D:3      | SGrunt: OH NO, A GOBLIN
 88530 | D:2      | 4tharraofdagon: haste it
 88565 | D:1      | 4tharraofdagon: i hate chei!
 88573 | D:1      | 4tharraofdagon: haste*
 88584 | D:1      | 4tharraofdagon: hate**
 88589 | D:1      | SGrunt: Dirty statpadder :b
 88591 | D:1      | SGrunt: infusion
 88591 | D:1      | 4tharraofdagon: clang machine
 88591 | D:1      | Bloax: 51/54/44
 88591 | D:1      | Bloax: diesel as fuck aren't i
 88591 | D:1      | 4tharraofdagon: what else you can do
 88591 | D:1      | SGrunt: Keep casting buffs!
 88593 | D:$      | Escaped with the Orb!

Vanquished Creatures
  Antaeus (Coc:7)
  Asmodeus (Geh:7)
  the royal jelly (Slime:6)
  Ereshkigal (Tar:7)
  Gloorx Vloq (Pan)
  Mnoleg (Pan)
  Dispater (Dis:7)
  7 orbs of fire (Zot:5)
  Lom Lobon (Pan)
  5 ancient liches
  the Serpent of Hell (Tar:7)
  6 pandemonium lords
  24 greater mummies
  Saint Roka (D:20)
  Boris (Snake:5)
  Sojobo (Tomb:1)
  Margery (Forest:3)
  Norris (Vaults:3)
  4 Killer Klowns
  Mennas (D:21)
  Geryon (Hell)
  11 golden dragons
  3 curse toes
  Jory (D:27)
  4 electric golems
  16 Brimstone Fiends
  Frederick (Shoals:5)
  19 bone dragons
  Nikola (D:17)
  10 Hell Sentinels
  7 liches
  14 Ice Fiends
  26 Orb Guardians
  14 tentacled monstrosities
  17 acid blobs
  11 Shadow Fiends
  3 quicksilver dragons
  The ghost of JacquesDerrida the Sharpshooter, a mighty KoHu of Nemelex Xobeh (Vaults:4)
  Polyphemus (Shoals:2)
  3 eldritch tentacles
  23 Executioners
  12 storm dragons
  15 tengu reavers
  Agnes (D:16)
  Frances (Snake:4)
  13 shadow dragons
  Kirke (Shoals:4)
  7 sphinxes
  5 draconian monks
  Roxanne (Snake:4)
  Ilsuiw (Shoals:5)
  3 thorn hunters
  A ghost moth (Zot:3)
  Donald (Shoals:2)
  the Enchantress (Forest:5)
  4 azure jellies
  Wiglaf (Shoals:4)
  4 frost giants
  6 draconian knights
  11 fire giants
  7 draconian scorchers
  12 vault wardens
  11 iron dragons
  A deep elf sorcerer (D:26)
  2 orc warlords (D:26)
  Aizul (D:16)
  Louise (Shoals:2)
  10 tentacled starspawn
  30 balrugs
  3 draconian zealots
  17 cacodemons
  5 draconian annihilators
  Jorgrun (D:18)
  An angel (D:26)
  7 draconian shifters
  28 stone giants
  5 greater nagas (Snake:5)
  An ancient bear (Forest:3)
  7 draconian callers
  An eidolon (D:26)
  A phoenix (Abyss:4)
  7 elemental wellsprings
  52 reapers
  5 treants
  2 apis (Forest:5)
  14 grey draconians
  8 green draconians
  10 yellow draconians
  11 lorocyprocas
  Azrael (D:18)
  12 pale draconians
  2 deep elf annihilators (Vaults:5)
  11 green deaths
  7 purple draconians
  11 blizzard demons
  8 mottled draconians
  A dire elephant (Forest:2)
  4 merfolk javelineers (Shoals:5)
  11 red draconians
  9 black draconians
  8 ettins
  4 spriggan defenders (Forest:5)
  10 white draconians
  Snorg (D:16)
  4 spriggan air magi
  7 merfolk impalers
  2 deep elf death magi
  2 minotaurs
  4 jiangshi
  3 sirens
  6 death cobs
  15 mummy priests
  A kraken zombie (Coc:2)
  3 death oozes (Slime:6)
  16 ogre magi
  36 yaktaur captains
  5 merfolk aquamancers
  8 great orbs of eyes
  15 dragons
  7 ironheart preservers
  29 vault guards
  Fannar (D:11)
  Harold (D:12)
  Josephine (D:12)
  18 ice dragons
  A hydra (shapeshifter) (D:25)
  15 hydras
  2 ravenous item mimics
  An alligator snapping turtle (Shoals:2)
  Erica (D:10)
  An anaconda (shapeshifter) (Vaults:5)
  3 spriggan enchanters (Forest:5)
  A spectral sphinx (Tomb:2)
  6 death yaks
  7 anacondas
  4 spriggan berserkers
  2 spectral stone giants (Tomb:1)
  A spriggan druid (Forest:2)
  4 deep troll earth magi
  4 rakshasas
  A vampire mage (D:26)
  A spectral frost giant (Tomb:1)
  A spriggan assassin (Forest:5)
  8 dancing weapons
  An alligator (D:26)
  8 hell hogs
  5 orc high priests
  17 hell knights
  2 wretched stars (Abyss:4)
  A spectral storm dragon (Tomb:1)
  A catoblepas (shapeshifter) (D:18)
  An elf (shapeshifter) (D:26)
  20 naga warriors
  Urug (D:14)
  4 deep troll shamans
  42 soul eaters
  14 very ugly things
  2 catoblepae
  10 iron golems
  Nergalle (D:13)
  4 thrashing horrors (Abyss:4)
  6 deep elf knights
  43 sun demons
  116 skeletal warriors
  A fire crab (D:20)
  7 iron trolls
  19 fauns
  A storm dragon skeleton (D:21)
  23 centaur warriors
  19 shadow demons
  2 spatial maelstroms (Abyss:4)
  18 shadow wraiths
  27 deep trolls
  5 water nymphs
  10 starcursed masses (Abyss:4)
  Erolcha (D:9)
  13 sea snakes
  19 ice devils
  3 dryads
  2 ice statues (Hell)
  4 death drakes
  3 giant orange brains
  10 unseen horrors
  2 swamp dragons (D:26)
  A golden dragon skeleton (D:24)
  10 ironbrand convokers
  4 shadow dragon zombies
  20 flayed ghosts
  7 flaming corpses
  21 hill giants
  49 large abominations
  6 wizards
  17 harpies
  A giant amoeba (shapeshifter) (Vaults:5)
  A harpy (shapeshifter) (D:21)
  45 hellions
  7 wolf spiders
  6 red wasps
  A red wasp (shapeshifter) (Vaults:5)
  15 shining eyes
  3 oklob plants
  10 shadow dragon skeletons
  19 cyclopes
  5 griffons
  A deep dwarf berserker (D:26)
  9 giant amoebae
  A spirit wolf (Forest:2)
  A frost giant zombie (D:22)
  9 phantasmal warriors
  27 orc knights
  3 lindwurms
  3 guardian serpents
  34 iron dragon zombies
  2 fire giant zombies
  2 draconian zombies
  6 spiny worms
  5 orc sorcerers
  4 necromancers
  32 sixfirhies
  5 iron dragon skeletons
  2 sphinx skeletons
  6 stone giant zombies
  25 moths of wrath
  2 frost giant skeletons
  An elephant (shapeshifter) (D:26)
  17 stone giant skeletons
  Maurice (D:11)
  A black mamba (shapeshifter) (D:16)
  4 fire giant skeletons
  3 elephants (D:26)
  4 eyes of devastation
  43 smoke demons
  13 vault sentinels
  An apocalypse crab (Abyss:4)
  2 vapours (Abyss:4)
  24 tormentors
  26 black mambas
  46 orange demons
  A feature mimic (Lair:2)
  Psyche (D:9)
  A spectral human (Hell)
  A storm dragon simulacrum (Vaults:1)
  19 spiny frogs
  90 yaktaurs
  A draconian (shapeshifter) (Vaults:3)
  7 demonic crawlers
  13 efreet
  15 mermaids
  4 fire drakes
  51 guardian mummies
  3 orb spiders (D:25)
  A hydra zombie (D:15)
  8 ancient zymes
  12 komodo dragons
  32 red devils
  30 spriggans
  A wandering mushroom (D:19)
  3 polar bears
  A spectral death drake (Tomb:1)
  44 hellwings
  3 silent spectres
  25 naga magi
  The ghost of Bruce the Thaumaturge, an experienced DEFE of Sif Muna (D:7)
  18 death drake zombies
  6 giant leeches (Lair:8)
  6 wind drakes
  14 trolls
  A jumping spider (Vaults:5)
  Sonja (D:12)
  5 hell beasts
  8 fire vortices (Pan)
  An iron troll skeleton (Tomb:1)
  133 slime creatures
  7 thorn lotuses
  Prince Ribbit (Orc:1)
  A polar bear (shapeshifter) (D:17)
  20 death drake skeletons
  43 iron devils
  3 grizzly bears
  15 boulder beetles
  A guardian serpent zombie (Abyss:4)
  25 blue devils
  A dragon zombie (Hell)
  15 two-headed ogres
  14 snapping turtles
  14 blink frogs
  23 giant fireflies
  2 ravens (Abyss:4)
  A stone giant simulacrum (D:20)
  35 ice dragon zombies
  2 red wasp zombies
  An ettin zombie (Vaults:2)
  5 spectral orcs (D:13)
  A draconian (D:14)
  14 brown oozes
  An ugly thing zombie (D:20)
  71 flying skulls
  10 redbacks
  A guardian serpent skeleton (Abyss:4)
  23 metal gargoyles
  116 ugly things
  A yak (shapeshifter) (D:23)
  43 ice dragon skeletons
  38 ynoxinuls
  63 water elementals
  A dragon skeleton (D:12)
  17 chaos spawn
  3 trapdoor spiders
  12 air elementals
  9 golden eyes
  2 tarantellas
  2 hill giant zombies
  5 ettin skeletons
  3 basilisks
  A redback (shapeshifter) (D:21)
  32 wraiths
  41 merfolk
  21 vampires
  A hog (shapeshifter) (Vaults:5)
  14 sharks
  Eustachio (D:6)
  4 wyverns
  58 yaks
  Grum (Orc:3)
  3 deep elf conjurers
  13 hippogriffs
  29 shadows
  3 clay golems
  6 fire elementals
  5 hogs (Shoals:4)
  A steam dragon (D:9)
  4 deep elf fighters
  A manticore (shapeshifter) (D:13)
  A molten gargoyle (Geh:7)
  2 deep elf summoners
  6 hungry ghosts
  An iron troll simulacrum (Vaults:2)
  24 vampire mosquitoes
  27 wolves
  17 manticores
  A spatial vortex (Abyss:4)
  Edmund (D:6)
  A hydra simulacrum (D:15)
  3 deep troll zombies
  34 neqoxecs
  A soldier ant (shapeshifter) (Vaults:2)
  3 deep troll skeletons
  7 mottled dragons
  11 swamp drakes
  22 freezing wraiths
  23 necrophages
  20 small abominations
  A spectral shark (Tar:7)
  2 sky beasts
  7 soldier ants
  65 hell hounds
  139 nagas
  11 porcupines
  A deep elf priest (Vaults:5)
  4 lost souls (Hell)
  An ettin simulacrum (D:21)
  A spectral giant goldfish (Hell)
  17 ice beasts
  A kobold demonologist (D:26)
  A red wasp simulacrum (Vaults:1)
  6 giant goldfish
  59 orc warriors
  An ogre (shapeshifter) (D:26)
  60 ogres
  3 black bears
  41 centaurs
  9 phantoms
  A sky beast (shapeshifter) (D:23)
  3 vampire mosquito zombies
  25 rotting devils
  8 wargs
  20 crocodiles
  2 lava worms
  4 yellow wasps
  5 boring beetles
  Duvessa (D:6)
  6 big kobolds
  5 giant slugs
  5 brain worms
  2 yaktaur zombies
  A spectral black bear (D:26)
  2 cyclops zombies
  Blork the orc (Orc:1)
  A gnoll sergeant (Orc:4)
  9 agate snails
  45 water moccasins
  22 giant frogs
  5 insubstantial wisps (Abyss:4)
  An agate snail (shapeshifter) (D:18)
  A glowing shapeshifter simulacrum (Tomb:2)
  A yaktaur skeleton (D:18)
  3 earth elementals
  4 boulder beetle zombies
  A shark zombie (Coc:5)
  10 giant goldfish zombies
  9 eyes of draining
  37 killer bees
  A giant goldfish skeleton (Coc:7)
  2 troll skeletons
  5 fire bats (Abyss:4)
  2 vampire bats (Abyss:4)
  63 wights
  A yak skeleton (D:15)
  An electric eel (Hell)
  14 crimson imps
  A lava fish (Geh:7)
  3 jellyfish
  Dowan (D:6)
  5 goliath beetles
  The ghost of Bruce the Firebug, a weakling DEFE (D:3)
  10 big fish
  9 quasits
  4 lava snakes
  4 pulsating lumps
  2 giant frog zombies
  2 centaur zombies (Vaults:3)
  47 orc priests
  A spider (shapeshifter) (D:14)
  A two-headed ogre zombie (D:22)
  A giant goldfish simulacrum (Coc:2)
  A black bear skeleton (D:7)
  A giant frog skeleton (D:12)
  3 removed
  MONS_DEEP_ELF_SOLDIERs (Vaults:1)
  5 scorpions
  14 hounds
  10 iguanas
  57 orc wizards
  A gnoll shaman (D:7)
  32 iron imps
  A shark simulacrum (Coc:5)
  7 worker ants
  4 orange rats (Hell)
  28 sheep
  18 jellies
  A mottled dragon zombie (Hell)
  4 ogre zombies
  2 brain worm zombies
  17 boggarts
  A big kobold skeleton (D:12)
  An ogre skeleton (D:10)
  A mottled dragon skeleton (D:16)
  A spectral orange rat (Hell)
  A hound skeleton (D:11)
  A hound zombie (D:9)
  19 mummies
  2 orange rat zombies (Hell)
  5 big fish zombies
  16 gnolls
  78 green rats
  10 lemures
  59 adders
  6 giant centipedes
  A human (D:5)
  A worm zombie (D:6)
  9 shadow imps
  21 white imps
  10 worms
  4 giant mites
  A goliath beetle zombie (D:12)
  An orange rat simulacrum (Hell)
  172 ufetubi
  An iguana zombie (D:8)
  An orc zombie (D:20)
  An adder skeleton (D:6)
  A giant centipede zombie (D:12)
  A grey rat (D:6)
  8 giant eyeballs
  12 giant geckos
  12 oozes
  247 orcs
  31 bats
  6 giant cockroaches
  17 hobgoblins
  A ball python (Snake:2)
  4 giant newts
  3 giant spores
  21 goblins
  A goblin skeleton (D:5)
  5 illusory rakshasas
  50 kobolds
  2 kobold skeletons
  11 quokkas
  21 rats
  7 ballistomycetes
  20 briar patches (Forest:2)
  4 butterflies (Abyss:4)
  5 fungi (Lair:8)
  17 plants
  2 snaplasher vines
  9 starspawn tentacles (Abyss:4)
  A tentacle (Coc:2)
5717 creatures vanquished.

Vanquished Creatures (collateral kills)
  Lamia (Snake:2)
  A bone dragon (Tar:7)
  A golden dragon (Zot:1)
  An acid blob (Slime:5)
  2 Shadow Fiends
  A cacodemon (Pan)
  A draconian zealot (D:27)
  A grey draconian (D:27)
  A green draconian (D:27)
  A red draconian (Zot:1)
  A mottled draconian (D:27)
  2 blizzard demons
  A purple draconian (D:27)
  A black draconian (D:27)
  A satyr (Abyss:4)
  A pale draconian (D:27)
  A death ooze (Slime:5)
  An ironheart preserver (Vaults:5)
  A yaktaur captain (D:26)
  A hell hog (Geh:1)
  3 hell knights (Forest:3)
  An iron golem (Hell)
  An ice devil (Coc:7)
  A skeletal warrior (Tar:7)
  A wizard (D:18)
  2 shadow demons
  A giant amoeba (Slime:5)
  A hill giant (D:22)
  A necromancer (D:22)
  A hellion (Pan)
  A frost giant skeleton (D:22)
  A fire giant skeleton (Tomb:1)
  A sixfirhy (Pan)
  A stone giant skeleton (D:22)
  An orange demon (Hell)
  A smoke demon (Hell)
  2 guardian mummies (Tomb:1)
  10 water elementals
  3 red devils
  An iron devil (Hell)
  4 spriggans (Forest:3)
  A fire vortex (Pan)
  A death drake zombie (Geh:1)
  A thorn lotus (Abyss:4)
  2 ynoxinuls
  4 giant fireflies (Forest:3)
  2 shadows (Geh:1)
  2 wraiths
  A golden eye (Pan)
  A clay golem (Geh:6)
  A kobold demonologist (D:20)
  An orc zombie (D:22)
  A black bear (shapeshifter) (D:26)
  4 nagas (Snake:2)
  A lava worm (Geh:6)
  A water moccasin (Snake:2)
  A jellyfish (Coc:7)
  A killer bee (Abyss:4)
  A lava snake (Geh:6)
  A quasit (Tomb:1)
  A crimson imp (Pan)
  A warg zombie (D:22)
  An ogre zombie (D:22)
  A jelly (Slime:5)
  A mummy (Coc:7)
  4 ufetubi
  A giant eyeball (Pan)
  An orc (D:20)
100 creatures vanquished.

Vanquished Creatures (others)
  Cerebov (Pan)
  Boris (D:22)
  A bone dragon (D:27)
  2 eldritch tentacles
  A draconian knight (Zot:2)
  2 draconian scorchers (Zot:2)
  A draconian caller (Zot:2)
  A red draconian (Zot:2)
  A centaur warrior (D:23)
  A necromancer (Forest:3)
  An iron dragon zombie (Dis:4)
  A shadow dragon skeleton (Tar:2)
  27 water elementals
  27 fire elementals
  An orange demon (Pan)
  A smoke demon (Pan)
  4 guardian mummies (Tomb:2)
  20 air elementals
  A wandering mushroom (Zot:3)
  A blue devil (Dis:7)
  A spriggan (Forest:3)
  A red devil (Pan)
  A death drake skeleton (Geh:1)
  An ice dragon zombie (Coc:7)
  A giant firefly (Forest:3)
  A frost giant simulacrum (D:20)
  A metal gargoyle (Hell)
  A ynoxinul (Pan)
  An ugly thing (Vaults:1)
  A manticore (Shoals:5)
  A steam dragon (Zot:5)
  A necrophage (Tomb:1)
  3 small abominations
  2 lost souls (Hell)
  2 orc warriors (D:20)
  A giant goldfish (Hell)
  A brain worm (Pan)
  A lava worm (Geh:7)
  A wight (Coc:2)
  2 lava fish (Geh:7)
  A crimson imp (Pan)
  2 iron imps
  An orc priest (D:20)
  A worker ant (D:5)
  A giant goldfish simulacrum (Coc:7)
  7 mummies
  An adder (Snake:5)
  An orange rat skeleton (Hell)
  A shadow imp (Tar:7)
  8 ufetubi
  2 orcs
  A giant spore (D:10)
  A goblin (Orc:2)
  A jackal skeleton (D:5)
  A quokka (Lair:3)
  2 rats
  A briar patch (Forest:2)
  52 butterflies
  232 eldritch tentacle segments
  7 fungi
  11 plants
  20 snaplasher vine segments
  12 starspawn tentacles
  82 starspawn tentacle segments (Abyss:4)
  6 tentacles (Coc:2)
  39 tentacle segments (Coc:2)
615 creatures vanquished.

Grand Total: 6432 creatures vanquished
